Workbook

Sheet Jan 2017
A1: Back up 31 Jan @ 1800 | I1: sent to
B2: PEAK | H2: Weymouth | R2: OFF PEAK | AE2: 1
A3: Pitch | B3: Sun | C3: Mon | D3: Tue | E3: Wed | F3: Thu | G3: Fri | H3: Sat | I3: Sun | J3: Mon | K3: Tue | L3: Wed | M3: Thu | N3: Fri | O3: Sat | P3: Sun | Q3: Mon | R3: Tue | S3: Wed | T3: Thu | U3: Fri | V3: Sat | W3: Sun | X3: Mon | Y3: Tue | Z3: Wed | AA3: Thu | AB3: Fri | AC3: Sat | AD3: Sun | AE3: Mon | AF3: Tues | AG3: Pitch
A4: No. | B4: 1 | C4: 2 | D4: 3 | E4: 4 | F4: 5 | G4: 6 | H4: 7 | I4: 8 | J4: 9 | K4: 10 | L4: 11 | M4: 12 | N4: 13 | O4: 14 | P4: 15 | Q4: 16 | R4: 17 | S4: 18 | T4: 19 | U4: 20 | V4: 21 | W4: 22 | X4: 23 | Y4: 24 | Z4: 25 | AA4: 26 | AB4: 27 | AC4: 28 | AD4: 29 | AE4: 30 | AF4: 31 | AG4: No.
A5: 1 | C5: Balmer | G5: Bradley | H5: Shawyer | U5: Rickard | V5: Johns | W5: Rudolf | AA5: Edmondonson | AF5: Cradock | AG5: 1
A6: 1a | AG6: 1a | AH6: Not here
A7: 2 | AG7: 2 | AH7: Tent
A8: 3 | AG8: 3 | AH8: Trailer tent
A9: 4 | AG9: 4 | AH9: Folding caravan
A10: 5 | AG10: 5 | AH10: Caravan
A11: 6 | AG11: 6 | AH11: Camper van
A12: 7 | AG12: 7 | AH12: Motorhome
A13: 8 | B13: Marshall cont… | G13: Lawson | K13: Skelton / Lee | N13: McInerney / Atherney? | Y13: Davies | AB13: J. Hunt | AE13: Rogers | AG13: 8 | AH13: RV
A14: 9 | B14: cont.. | K14: Palmer | R14: Bryant | U14: Burnham | AB14: Rudd | AG14: 9 | AH14: Free night
A15: 10 | C15: Curro | K15: Meddle | R15: Lambert | AB15: Betteridge | AG15: 10 | AH15: Poss Extra / late stay
A16: 11 | J16: Walsh | AE16: Macdougle | AG16: 11 | AH16: Hard Standing
A17: 12 | B17: Jefferies | I17: 2wks | AC17: Russell | AG17: 12 | AH17: Not in use
A18: 13 | B18: 5wks Susan Korczakowski - seasonal | I18: 6wks | P18: 1 | W18: 2 | AD18: 3 | AG18: 13 | AH18: Off Peak
A19: 14 | B19: Davies | N19: 2wks | U19: 1 | AB19: 2wks | AC19: £322 due | AG19: 14 | AH19: Bank holiday
A20: 15 | AG20: 15 | AH20: Peak
A21: 16 | AG21: 16 | AH21: Seasonal pitch
A22: 16a | AG22: 16a | AH22: Non arrival
A23: 17 | AG23: 17 | AH23: Refund
A24: 17a | AG24: 17a | AH24: Cancelled
A25: 18 | D25: Ktchen | AG25: 18 | AH25: late stay
A26: 18a | AG26: 18a
A27: 19 | B27: cont.. | F27: Davies | G27: Shaw | K27: Skelton | O27: Jackson | R27: Barrigan | V27: Hall | AF27: Waters | AG27: 19 | AH27: =ALERTS!E18 -> 0
A28: 20 | B28: Coates | C28: Featherstone | D28: Abbott | G28: McDougal | K28: Skelton /Willey | P28: Trent | R28: Weston | U28: Dawson | X28: Gill | AC28: Anderson | AE28: Tanyer | AF28: Hurst | AG28: 20 | AH28: =ALERTS!E19 -> 0
A29: 21 | B29: cont… | D29: Hubbard | G29: Johnson | J29: North | O29: Tutt | Q29: Sharp | R29: Gardener | T29: Dillison | U29: Grenfell | X29: Lavendon | Z29: Shrosbree | AB29: Stairmand | AD29: Blake | AF29: Slicer | AG29: 21 | AH29: =ALERTS!E20 -> 0
A30: 22 | D30: Slicer | K30: Planings delivered | N30: Munro | P30: James Thomson | V30: 1 | AC30: 2 | AG30: 22
A31: Pitch | B31: Sun | C31: Mon | D31: Tue | E31: Wed | F31: Thu | G31: Fri | H31: Sat | I31: Sun | J31: Mon | K31: Tue | L31: Wed | M31: Thu | N31: Fri | O31: Sat | P31: Sun | Q31: Mon | R31: Tue | S31: Wed | T31: Thu | U31: Fri | V31: Sat | W31: Sun | X31: Mon | Y31: Tue | Z31: Wed | AA31: Thu | AB31: Fri | AC31: Sat | AD31: Sun | AE31: Mon | AF31: Tues | AG31: Pitch
A32: No. | B32: 1 | C32: 2 | D32: 3 | E32: 4 | F32: 5 | G32: 6 | H32: 7 | I32: 8 | J32: 9 | K32: 10 | L32: 11 | M32: 12 | N32: 13 | O32: 14 | P32: 15 | Q32: 16 | R32: 17 | S32: 18 | T32: 19 | U32: 20 | V32: 21 | W32: 22 | X32: 23 | Y32: 24 | Z32: 25 | AA32: 26 | AB32: 27 | AC32: 28 | AD32: 29 | AE32: 30 | AF32: 31 | AG32: No.
A33: 23 | B33: Adam Jenkins cont… | Q33: 1 | X33: 2 | AE33: 3 | AF33: £161 wk if 2 persons | AH33: TODAY IS
A34: 23a | B34: Silurian Security | O34: 2wks | R34: 3 vehicles & 3 persons | V34: 1 | X34: M4 BKX | AC34: 2 | AD34: £175 wk due if 2 persons 1 car | AG34: 23a | AH34: =TODAY() -> 42833
A35: 24 | C35: Lowry (posters) | M35: Kean | AC35: Paul Middleton | AG35: 24
A36: 25 | B36: Vacher cont.. | I36: 1 | P36: 2 | Q36: pd on 21/1 | U36: text sent | W36: 1 | AD36: 2 | AG36: 25
A37: 26 | B37: Shreard cont.. | J37: 1 | AC37: Paul Middleton | AG37: 26
A38: 27 | B38: Ratmik | E38: owe £20 week when not here from 5 Dec | I38: 5 | P38: 6 | U38: phoned | W38: 7 | AG38: 27
A39: 28 | B39: Wadworth | D39: Broom | J39: Bainbriggs | K39: Houghton | W39: Carrie -Ann | AG39: 28
A40: 29 | C40: Burroughs | E40: Cruise | J40: Dent | K40: Stenton | M40: Stella & Bill camper van | Y40: Richards | AB40: Crago | AE40: Todd | AG40: 29 | AH40: NO DOGS
A41: 30 | C41: Cambell | D41: Wealthdale | F41: Carrasco | J41: Balmer | O41: Clarke | Q41: Balmer | U41: Fennell | V41: Dicknell | AE41: Balmer | AG41: 30 | AH41: NO DOGS
A42: 31 | B42: Bob Stuart | X42: 20n | Y42: £23 when here £11.50 when home | AG42: 31 | AH42: NO DOGS
A43: 32 | D43: Murphy | J43: Davies | O43: Cambling | R43: Jamieson | U43: Scholles | AG43: 32 | AH43: NO DOGS
A44: 33 | D44: Romer | G44: Warland | O44: Cambling/Dyer | T44: Spencer | AG44: 33 | AH44: NO DOGS
A45: 34 | B45: cont… | G45: Warland / Jenkins | K45: Davies | U45: Whitfield - do not move | AF45: Luter | AG45: 34 | AH45: NO DOGS
A46: 35 | AG46: 35
A47: 36 | AG47: 36
A48: 37 | AG48: 37
A49: 38 | AG49: 38
A50: 39 | AG50: 39
A51: 40 | AG51: 40
A52: 41 | AG52: 41
A53: LAYBY | G53: Catton
A54: Pitch | B54: Sun | C54: Mon | D54: Tue | E54: Wed | F54: Thu | G54: Fri | H54: Sat | I54: Sun | J54: Mon | K54: Tue | L54: Wed | M54: Thu | N54: Fri | O54: Sat | P54: Sun | Q54: Mon | R54: Tue | S54: Wed | T54: Thu | U54: Fri | V54: Sat | W54: Sun | X54: Mon | Y54: Tue | Z54: Wed | AA54: Thu | AB54: Fri | AC54: Sat | AD54: Sun | AE54: Mon | AF54: Tues | AG54: Pitch
A55: No. | B55: 1 | C55: 2 | D55: 3 | E55: 4 | F55: 5 | G55: 6 | H55: 7 | I55: 8 | J55: 9 | K55: 10 | L55: 11 | M55: 12 | N55: 13 | O55: 14 | P55: 15 | Q55: 16 | R55: 17 | S55: 18 | T55: 19 | U55: 20 | V55: 21 | W55: 22 | X55: 23 | Y55: 24 | Z55: 25 | AA55: 26 | AB55: 27 | AC55: 28 | AD55: 29 | AE55: 30 | AF55: 31 | AG55: No.
A56: Paddock | H56: Hutchins | N56: 1 | AG56: Paddock
AF57: Hill
A58: 7a | AG58: 7a
A59: 8a | AG59: 8a
A60: 9a | AG60: 9a
A61: 10a | AG61: 10a
A62: 11a | AG62: 11a
A63: 12a | AG63: 12a
A64: 13a | AG64: 13a
A65: 14a | AG65: 14a
A68: Behind Barn | AF68: Behind Barn
A69: STORM | E69: McMackin | J69: McMackin | P69: McMackin | X69: McMackin | AE69: McMackin | AG69: 2b
A70: 3b | B70: ABI | D70: Hardman | AG70: 3b
A71: 4b | AG71: 4b
A72: 5b | AG72: 5b
A73: 6b | AG73: 6b
A74: 7b NO LX | AG74: 7b
N75: CAMPING FIELD
A76: Pitch | B76: =B54 -> Sun | C76: =C54 -> Mon | D76: =D54 -> Tue | E76: =E54 -> Wed | F76: =F54 -> Thu | G76: =G54 -> Fri | H76: =H54 -> Sat | I76: =I54 -> Sun | ... AF76: =AF54 -> Tues | AG76: Pitch
A77: No. | B77: 1 | C77: 2 | D77: 3 | E77: 4 | F77: 5 | G77: 6 | H77: 7 | I77: 8 | J77: 9 | K77: 10 | L77: 11 | M77: 12 | N77: 13 | O77: 14 | P77: 15 | Q77: 16 | R77: 17 | S77: 18 | T77: 19 | U77: 20 | V77: 21 | W77: 22 | X77: 23 | Y77: 24 | Z77: 25 | AA77: 26 | AB77: 27 | AC77: 28 | AD77: 29 | AE77: 30 | AF77: 31 | AG77: No.
A79: 42 | AG79: =A79 -> 42
A80: 43 | AG80: =A80 -> 43
A81: 44 | AG81: =A81 -> 44
A82: 45 | AG82: =A82 -> 45
A83: 46 | AG83: =A83 -> 46
A84: 47 | AG84: =A84 -> 47
A85: 48 | AG85: =A85 -> 48
A86: 49 | AG86: =A86 -> 49
A87: 50 | AG87: =A87 -> 50
A88: 51 | AG88: =A88 -> 51
A89: 52 | AG89: =A89 -> 52
A90: 53 | AG90: =A90 -> 53
... A95: 58 | AG95: =A95 -> 58

Sheet Feb 2017
A1: Back up 28 Feb @ 1600 | AE1: INDEX - Colour code
W2: HALF TERM | Y2: sarah | Z2: hen
A3: Pitch | B3: Wed | C3: Thu | D3: Fri | E3: Sat | F3: Sun | G3: Mon | H3: Tue | I3: Wed | J3: Thu | K3: Fri | L3: Sat | M3: Sun | N3: Mon | O3: Tue | P3: Wed | Q3: Thu | R3: Fri | S3: Sat | T3: Sun | U3: Mon | V3: Tue | W3: Wed | X3: Thu | Y3: Fri | Z3: Sat | AA3: Sun | AB3: Mon | AC3: Tues | AD3: Pitch | AE3: Caravan
A4: No. | B4: 1 | C4: 2 | D4: 3 | E4: 4 | F4: 5 | G4: 6 | H4: 7 | I4: 8 | J4: 9 | K4: 10 | L4: 11 | M4: 12 | N4: 13 | O4: 14 | P4: 15 | Q4: 16 | R4: 17 | S4: 18 | T4: 19 | U4: 20 | V4: 21 | W4: 22 | X4: 23 | Y4: 24 | Z4: 25 | AA4: 26 | AB4: 27 | AC4: 28 | AD4: No. | AE4: Motorhome
A5: 1 | B5: Russel | H5: McDonald | I5: Garlick | S5: Marriott | X5: Stansfield | AB5: Diiks | AD5: 1 | AE5: Camper van
A6: 1a | Q6: Roll call kitchen closed | AD6: 1a | AE6: RV
A7: 2 | AD7: 2
A8: 3 | Q8: Talbot | S8: Watkins | Z8: Gordon | AD8: 3 | AE8: Tent
A9: 4 | Q9: Roberts - car park for 1 night | AD9: 4 | AE9: Trailer tent
A10: 5 | R10: Rude | AD10: 5
A11: 6 | Q11: Knights | R11: Loveland | Z11: Austin | AD11: 6 | AE11: Extend stay not pd
A12: 7 | AD12: 7
A13: 8 | D13: Crockford | K13: Haden | M13: Maclauchlen | N13: Sheridan | O13: Easton | Q13: McCallum - extra car it seems daughter here? | AA13: Shepperd | AD13: 8 | AE13: Not here
A14: 9 | D14: Lennon | N14: Searle | S14: extended | Z14: extended | AD14: 9 | AE14: Seasonal pitch
A15: 10 | D15: Evans | J15: L Walsh | Q15: Hammond | U15: Hill | X15: Green | AB15: Rogers | AD15: 10 | AE15: late stay
A16: 11 | K16: Stickland | N16: Summerfield | Q16: K.Walsh | X16: Mel | Z16: ` | AA16: Cutler | AD16: 11 | AE16: Hard Standing
A17: 12 | E17: Taylor | M17: Moores | O17: Burrows | R17: Dawson | S17: Cartwright | AB17: Jehu | AD17: 12
A18: 13 | B18: Sue cont… | F18: 4 | M18: 5 | T18: 6 | U18: £600 pd | AA18: 1 | AD18: 13
A19: 14 | B19: Dyson DAVIES | L19: £322 Due | R19: 1 | Y19: 2 | Z19: pd | AD19: 14 | AE19: Not in use
A20: 15 | Q20: Baker | S20: Graham | AD20: 15
A21: 16 | AC21: Morgan | AD21: 16 | AE21: Bank holiday
A22: 16a | AD22: 16a | AE22: Peak
A23: 17 | AD23: 17 | AE23: Off Peak
A24: 17a | AD24: 17a | AE24: Cancelled
A25: 18 | AD25: 18 | AE25: Non arrival
A26: 18a | AD26: 18a
A27: 19 | H27: Andrews | J27: Lester | M27: Lubacz | Q27: Sullivan | U27: O'Neil | V27: Holt | X27: Worden | Y27: Dawson | Z27: Robinson | AB27: Danton | AD27: 19 | AE27: =ALERTS!E21 -> 0
A28: 20 | H28: Perris | J28: Wingfield | N28: Sinclair | R28: Birch | T28: Burrell | V28: Pursglove | X28: Summersgill | Z28: Ground | AB28: Robinson | AD28: 20 | AE28: =ALERTS!E22 -> 0
A29: 21 | D29: Sutcliffe | H29: Beacham | N29: Nethercott | Q29: Harrison | R29: Roberts | T29: Stevens | U29: Oakes | V29: Tinker | X29: Lesley Allen | AD29: 21 | AE29: =ALERTS!E23 -> 0
A30: 22 | B30: Thomson cont… | E30: 3 | L30: 4 | S30: 5 | Z30: 6 | AD30: 22
A31: Pitch | B31: Wed | C31: Thu | D31: Fri | E31: Sat | F31: Sun | G31: Mon | H31: Tue | I31: Wed | J31: Thu | K31: Fri | L31: Sat | M31: Sun | N31: Mon | O31: Tue | P31: Wed | Q31: Thu | R31: Fri | S31: Sat | T31: Sun | U31: Mon | V31: Tue | W31: Wed | X31: Thu | Y31: Fri | Z31: Sat | AA31: Sun | AB31: Mon | AC31: Tues | AD31: Pitch
A32: No. | B32: 1 | C32: 2 | D32: 3 | E32: 4 | F32: 5 | G32: 6 | H32: 7 | I32: 8 | J32: 9 | K32: 10 | L32: 11 | M32: 12 | N32: 13 | O32: 14 | P32: 15 | Q32: 16 | R32: 17 | S32: 18 | T32: 19 | U32: 20 | V32: 21 | W32: 22 | X32: 23 | Y32: 24 | Z32: 25 | AA32: 26 | AB32: 27 | AC32: 28 | AD32: No.
A33: 23 | B33: Jenkins cont.. | G33: 1 | N33: 2 | Q33: pd 18n up to | T33: 4n | AA33: 1 | AD33: 23 | AE33: TODAY IS
A34: 23a | B34: Silurian Security | M34: Darol pd | Q34: M4 BKX | S34: Crawford | X34: L Walsh | AD34: 23a | AE34: =TODAY() -> 42833
A35: 24 | B35: Paul Middleton Cont… | K35: 2 | V35: Stella & Bills camper it can be moved if need pitch | AB35: Poster lads | AD35: 24
A36: 25 | B36: Vacher cont.. | F36: 3 | M36: 1 | T36: 2 | AA36: 3 | AD36: 25
A37: 26 | B37: Paul Middleton Cont… | AD37: 26
A38: 27 | B38: Ratnik | H38: spoke to Damien 21 Feb - told him he owes £150 storage - will be here from Sun 26 Feb | AB38: ak11vpr | AD38: 27
A39: 28 | P39: Dalby | X39: Pip & Wayne | AD39: 28 | AG39: duty w
A40: 29 | B40: Prier | E40: Reay | H40: Chapple | L40: Fisher | N40: Howarth | P40: Dunn-Wilson | S40: Potts | U40: Mathias | X40: Hayes | Y40: Todd | AB40: Balmer | AD40: 29 | AE40: NO DOGS
A41: 30 | B41: Tony Balmer Cont… | G41: Balmer | N41: Balmer | Q41: Hope | R41: Matley-Jones | X41: Moore | AB41: Veal | AD41: 30 | AE41: NO DOGS
A42: 31 | B42: Bob Stuart | I42: 16n | J42: £23 when here £11.50 when home(no need to worry he will pay me when I am back next week) | AD42: 31 | AE42: NO DOGS
A43: 32 | H43: Coles | K43: Kendrick | N43: Bradbury | O43: Eastlake | Q43: Sandy | S43: Wornell | Y43: Jones | AA43: Kestinlis | AB43: Whyte | AD43: 32 | AE43: NO DOGS
A44: 33 | N44: Flewitt | R44: Hounsell | T44: Rees | Y44: Haden | AB44: Watson | AD44: 33 | AE44: NO DOGS
A45: 34 | J45: Challis | N45: Towse | Q45: Davis | T45: Cuttell | Y45: Knott | AA45: Corps | AD45: 34 | AE45: NO DOGS
A46: 35 | AD46: 35
A47: 36 | AD47: 36
A48: 37 | AD48: 37
A49: 38 | AD49: 38
A50: 39 | AD50: 39
A51: 40 | AD51: 40
A52: 41 | AD52: 41
A53: LAYBY | Q53: Kozera | Y53: Grannell
A54: Pitch | B54: =B31 -> Wed | C54: =C31 -> Thu | D54: =D31 -> Fri | E54: =E31 -> Sat | F54: =F31 -> Sun | G54: =G31 -> Mon | H54: =H31 -> Tue | I54: =I31 -> Wed | ... AC54: =AC31 -> Tues | AD54: Pitch
A55: No. | B55: 1 | C55: 2 | D55: 3 | E55: 4 | F55: 5 | G55: 6 | H55: 7 | I55: 8 | J55: 9 | K55: 10 | L55: 11 | M55: 12 | N55: 13 | O55: 14 | P55: 15 | Q55: 16 | R55: 17 | S55: 18 | T55: 19 | U55: 20 | V55: 21 | W55: 22 | X55: 23 | Y55: 24 | Z55: 25 | AA55: 26 | AB55: 27 | AC55: 28 | AD55: No.
A56: Paddock | G56: Cross | L56: Farroll | AD56: Paddock
A58: 7a | AD58: 7a
A59: 8a | AD59: 8a
A60: 9a | AD60: 9a
A61: 10a | AD61: 10a
A62: 11a | AD62: 11a
A63: 12a | AD63: 12a
A64: 13a | AD64: 13a
A65: 14a | AD65: 14a
A67: N | AD67: N
A68: O | AD68: O
A69: N | AD69: N
A71: E | AD71: E
... A78: C | AD78: C
A80: Behind Barn
A81: Storm | B81: Mcmackin Cont… | G81: McMackin | N81: McMackin | R81: extended | U81: Mick
A82: 2b | AD82: 2b
A83: 3b | AD83: 3b
A84: 4b | AD84: 4b
A85: 5b | AD85: 5b
A86: 6b
A87: 7b NO LX | AD87: 7b
A89: Pitch | B89: =B54 -> Wed | C89: =C54 -> Thu | D89: =D54 -> Fri | E89: =E54 -> Sat | F89: =F54 -> Sun | G89: =G54 -> Mon | H89: =H54 -> Tue | I89: =I54 -> Wed | ... AC89: =AC54 -> Tues | AD89: Pitch
A90: No. | B90: 1 | C90: 2 | D90: 3 | E90: 4 | F90: 5 | G90: 6 | H90: 7 | I90: 8 | J90: 9 | K90: 10 | L90: 11 | M90: 12 | N90: 13 | O90: 14 | P90: 15 | Q90: 16 | R90: 17 | S90: 18 | T90: 19 | U90: 20 | V90: 21 | W90: 22 | X90: 23 | Y90: 24 | Z90: 25 | AA90: 26 | AB90: 27 | AC90: 28 | AD90: No.
A92: 42 | AD92: =A92 -> 42
A93: 43 | AD93: =A93 -> 43
A94: 44 | AD94: =A94 -> 44
A95: 45 | AD95: =A95 -> 45
A96: 46 | AD96: =A96 -> 46
A97: 47 | AD97: =A97 -> 47
A98: 48 | AD98: =A98 -> 48
A99: 49 | AD99: =A99 -> 49
A100: 50 | AD100: =A100 -> 50
A101: 51 | AD101: =A101 -> 51
A102: 52 | AD102: =A102 -> 52
A103: 53 | AD103: =A103 -> 53
... A108: 58 | AD108: =A108 -> 58

Sheet Mar 2017
A1: Back up 31 March @1630 | AH1: INDEX - Colour code
B2: Theatre | I2: OFF PEAK | K2: wedding | L2: - | Q2: OFF PEAK | V2: BHPA | X2: OFF PEAK | AD2: OFF PEAK
A3: Pitch | B3: Wed | C3: Thu | D3: Fri | E3: Sat | F3: Sun | G3: Mon | H3: Tue | I3: Wed | J3: Thu | K3: Fri | L3: Sat | M3: Sun | N3: Mon | O3: Tue | P3: Wed | Q3: Thu | R3: Fri | S3: Sat | T3: Sun | U3: Mon | V3: Tue | W3: Wed | X3: Thu | Y3: Fri | Z3: Sat | AA3: Sun | AB3: Mon | AC3: Tues | AD3: Wed | AE3: Thur | AF3: Fri | AG3: Pitch | AH3: Caravan
A4: No. | B4: 1 | C4: 2 | D4: 3 | E4: 4 | F4: 5 | G4: 6 | H4: 7 | I4: 8 | J4: 9 | K4: 10 | L4: 11 | M4: 12 | N4: 13 | O4: 14 | P4: 15 | Q4: 16 | R4: 17 | S4: 18 | T4: 19 | U4: 20 | V4: 21 | W4: 22 | X4: 23 | Y4: 24 | Z4: 25 | AA4: 26 | AB4: 27 | AC4: 28 | AD4: 29 | AE4: 30 | AF4: 31 | AG4: No. | AH4: Motorhome
A5: 1 | D5: Hart | I5: Armstrong | M5: Allen | N5: Balmer | Q5: Beer | AA5: Beamont | AG5: 1 | AH5: Camper van
A6: 1a | AG6: 1a | AH6: RV
A7: 2 | AG7: 2
A8: 3 | I8: Fox | N8: Gardener | AG8: 3 | AH8: Tent
A9: 4 | AG9: 4 | AH9: Trailer tent
A10: 5 | R10: Fisher | AG10: 5
A11: 6 | R11: Bull | AG11: 6 | AH11: Extend stay not pd
A12: 7 | AD12: S Smeyers | AG12: 7
A13: 8 | H13: Field | M13: Hughes | O13: Setter | T13: Fargar | U13: Chipperton | X13: Noble | Y13: Harrell | AA13: Allen | AG13: 8 | AH13: Not here
A14: 9 | B14: cont.. | G14: Darby | J14: Palmer | S14: Chaisty | T14: Howting | Z14: Lewis | AG14: 9 | AH14: Seasonal pitch
A15: 10 | J15: Darby | N15: Stansfield | O15: Darby | Q15: Carey | R15: Eldridge | T15: Nesbitt | Z15: Hammond | AG15: 10 | AH15: late stay
A16: 11 | C16: Squire | K16: Barton pls do not move | N16: Bradley | O16: Judd | Q16: Mason | T16: Haynes | U16: Day | AF16: Dryden | AG16: 11
A17: 12 | E17: Thompson | K17: Gathern pls do not move | P17: Davis | S17: Hudson | U17: West | V17: Duckworth | X17: Manning | Y17: Hopkins | AC17: Short | AG17: 12
A18: 13 | B18: Sue Korczakowski cont… | J18: Phillips | N18: Elliot | Y18: Noble | Z18: Hopkins/Eagle | AG18: 13 | AH18: Hard Standing
A19: 14 | B19: Davies cont. | D19: 1 | S19: Davis back | AG19: 14 | AH19: Not in use
A20: 15 | AG20: 15
A21: 16 | AF21: Hardy | AG21: 16 | AH21: Bank holiday
A22: 16a | AG22: 16a | AH22: Peak
A23: 17 | AG23: 17 | AH23: Off Peak
A24: 17a | AG24: 17a
A25: 18 | AG25: 18 | AH25: Non arrival
A26: 18a | AG26: 18a | AH26: Cancelled
A27: 19 | N27: White | Q27: Parton | T27: Rose | U27: Bruton | AA27: 1 | AG27: 19
A28: 20 | B28: Robinson Continued | G28: Richards | K28: Sharp | N28: Rogers | Q28: Grace | R28: James | T28: Quincey | W28: LaMourey | Y28: Swan | AA28: VN16 KWS | AG28: 20
A29: 21 | B29: Lesley Allen Cont.. | C29: Childs | D29: Rollston | E29: Hull | F29: Roe | G29: Brown | J29: Morton | K29: Holland | Q29: Sanders | R29: Jones | U29: Folkes | X29: Houghton | Y29: Duguid | AA29: Usher | AD29: Batge | AE29: Lagdon | AF29: Reeves | AG29: 21
A30: 22 | B30: Thomson cont… | E30: 7 | K30: Fitzgerald | Q30: Taylor | W30: Gray | AC30: Edwards | AF30: Stoddard | AG30: 22
A31: Pitch | B31: =B3 -> Wed | C31: =C3 -> Thu | D31: =D3 -> Fri | E31: =E3 -> Sat | F31: =F3 -> Sun | G31: =G3 -> Mon | H31: =H3 -> Tue | I31: =I3 -> Wed | ... AF31: =AF3 -> Fri | AG31: Pitch
A32: No. | B32: 1 | C32: 2 | D32: 3 | E32: 4 | F32: 5 | G32: 6 | H32: 7 | I32: 8 | J32: 9 | K32: 10 | L32: 11 | M32: 12 | N32: 13 | O32: 14 | P32: 15 | Q32: 16 | R32: 17 | S32: 18 | T32: 19 | U32: 20 | V32: 21 | W32: 22 | X32: 23 | Y32: 24 | Z32: 25 | AA32: 26 | AB32: 27 | AC32: 28 | AD32: 29 | AE32: 30 | AF32: 31 | AG32: No. | AH32: TODAY IS
A33: 23 | B33: Jenkins cont.. | G33: Pd | M33: 1 | T33: 2 | AA33: 1 | AG33: 23 | AH33: =TODAY() -> 42833
A34: 23a | C34: kitcher | D34: Cain | G34: Underwood | R34: Hull | AG34: 23a
A35: 24 | B35: cont.. | U35: Walker | W35: cruise 12n | AG35: 24
A36: 25 | B36: Vacher | F36: 1 | M36: 2 | T36: 1 | AA36: 2 | AG36: 25
A37: 26 | B37: Sue Korczakowski cont… | F37: 2 | AB37: Jeffery | AG37: 26
A38: 27 | B38: Ratnik | E38: he said they are back in 3wks | K38: 1 | R38: 2 | Y38: 3 | AF38: 4 | AG38: 27
A39: 28 | B39: Pip | C39: off | F39: off | H39: off | J39: off | L39: off | M39: off | P39: off | Q39: off | T39: off | U39: off | X39: off | Y39: off | AB39: off | AC39: off | AF39: off | AG39: 28
A40: 29 | B40: cont… | C40: Yates | D40: Not in use | E40: Leah | F40: Not in use | G40: Parkinson | J40: Martin | K40: Partridge | M40: Evans | O40: Eastby | P40: Hawley | Q40: Olsen | R40: Gillian | T40: Parry | W40: CAREY | Y40: Trigg | AB40: Balmer | AG40: 29 | AH40: NO DOGS
A41: 30 | B41: Veal Cont.. | C41: DAVIS | E41: Clarke - Andrew | K41: 1 | R41: Earthrowl - do not move | W41: Rutter | X41: Shrimpton | Z41: Hatch | AB41: Weedon | AC41: Platts | AE41: Beddow | AG41: 30 | AH41: NO DOGS
A42: 31 | B42: Bob Stuart cont… | AC42: Bob | AG42: 31 | AH42: NO DOGS
A43: 32 | C43: Ellis | F43: Clare Smith | L43: 1 | T43: Stocks | U43: Carter | W43: Turgis | AG43: 32 | AH43: NO DOGS
A44: 33 | C44: Edmonds/Thorby | G44: Balmer | J44: Tozer | L44: Fitzgerald | T44: Lister | AG44: 33 | AH44: NO DOGS
A45: 34 | C45: Edmonds | E45: Holkaboer | K45: Morris | L45: Marshell | Q45: Lane | R45: Stoker - Brian & Jenny | X45: Jamieson | Z45: Whitfield - do not move | AF45: Moran | AG45: 34 | AH45: NO DOGS
A46: 35 | AF46: Rawlings | AG46: 35
A47: 36 | AG47: 36
A48: 37 | AG48: 37
A49: 38 | AG49: 38
A50: 39 | AG50: 39
A51: 40 | AG51: 40
A52: 41 | R52: Thomson | AA52: Culley | AG52: 41
A53: Late arrival bay | C53: Lee | D53: Tanyer | I53: Gardiner | N53: Medhurst | Q53: Clegg Pls do not move | AG53: late arrival bay
A54: Pitch | B54: =B31 -> Wed | C54: =C31 -> Thu | D54: =D31 -> Fri | E54: =E31 -> Sat | F54: =F31 -> Sun | G54: =G31 -> Mon | H54: =H31 -> Tue | I54: =I31 -> Wed | ... AF54: =AF31 -> Fri | AG54: Pitch
A55: No. | B55: 1 | C55: 2 | D55: 3 | E55: 4 | F55: 5 | G55: 6 | H55: 7 | I55: 8 | J55: 9 | K55: 10 | L55: 11 | M55: 12 | N55: 13 | O55: 14 | P55: 15 | Q55: 16 | R55: 17 | S55: 18 | T55: 19 | U55: 20 | V55: 21 | W55: 22 | X55: 23 | Y55: 24 | Z55: 25 | AA55: 26 | AB55: 27 | AC55: 28 | AD55: 29 | AE55: 30 | AF55: 31 | AG55: No.
A56: Paddock | H56: Shaw | S56: Grant | Z56: S.Bateman | AG56: Paddock
G57: Carter | I57: Winstanley
A58: 7a | AG58: 7a
A59: 8a | AG59: 8a
A60: 9a | AG60: 9a
A61: 10a | AG61: 10a
A62: 11a | AG62: 11a
A63: 12a | AG63: 12a
A64: 13a | AG64: 13a
A65: 14a | AG65: 14a
A67: N | AG67: N
A68: O | AG68: O
A69: N | AG69: N
A71: E | AG71: E
... A78: C | AG78: C
A80: Behind Barn
A81: 2b | AG81: 2b
A82: 3b | AG82: 3b
A83: 4b | AG83: 4b
A84: 5b | AG84: 5b
A85: 6b | AG85: 6b
A86: 7b NO LX | AG86: 7b
A88: Pitch | B88: =B54 -> Wed | C88: =C54 -> Thu | D88: =D54 -> Fri | E88: =E54 -> Sat | F88: =F54 -> Sun | G88: =G54 -> Mon | H88: =H54 -> Tue | I88: =I54 -> Wed | ... AF88: =AF54 -> Fri | AG88: Pitch
A89: No. | B89: 1 | C89: 2 | D89: 3 | E89: 4 | F89: 5 | G89: 6 | H89: 7 | I89: 8 | J89: 9 | K89: 10 | L89: 11 | M89: 12 | N89: 13 | O89: 14 | P89: 15 | Q89: 16 | R89: 17 | S89: 18 | T89: 19 | U89: 20 | V89: 21 | W89: 22 | X89: 23 | Y89: 24 | Z89: 25 | AA89: 26 | AB89: 27 | AC89: 28 | AD89: 29 | AE89: 30 | AF89: 31 | AG89: No.
A90: Pitch | AG90: Pitch
A91: No. | AG91: No.
A93: 42 | AG93: =A93 -> 42
A94: 43 | AG94: =A94 -> 43
A95: 44 | AG95: =A95 -> 44
A96: 45 | AG96: =A96 -> 45
A97: 46 | AG97: =A97 -> 46
A98: 47 | AG98: =A98 -> 47
A99: 48 | AG99: =A99 -> 48
A100: 49 | AG100: =A100 -> 49
A101: 50 | AG101: =A101 -> 50
A102: 51 | AG102: =A102 -> 51
A103: 52 | AG103: =A103 -> 52
A104: 53 | AG104: =A104 -> 53
... A109: 58 | AG109: =A109 -> 58

Sheet April 2017
A1: BACK-UP 7April @ 1830 | AG1: INDEX - Colour code
D2: charity lunch | J2: PEAK | O2: GOOD Fri | R2: Easter | V2: PEAK | Z2: OFF PEAK | AD2: BANK | AE2: HOL
A3: Pitch | B3: Sat | C3: Sun | D3: Mon | E3: Tue | F3: Wed | G3: Thu | H3: Fri | I3: Sat | J3: Sun | K3: Mon | L3: Tue | M3: Wed | N3: Thu | O3: Fri | P3: Sat | Q3: Sun | R3: Mon | S3: Tue | T3: Wed | U3: Thu | V3: Fri | W3: Sat | X3: Sun | Y3: Mon | Z3: Tue | AA3: Wed | AB3: Thur | AC3: Fri | AD3: Sat | AE3: Sun | AF3: Pitch | AG3: Caravan
A4: No. | B4: 1 | C4: 2 | D4: 3 | E4: 4 | F4: 5 | G4: 6 | H4: 7 | I4: 8 | J4: 9 | K4: 10 | L4: 11 | M4: 12 | N4: 13 | O4: 14 | P4: 15 | Q4: 16 | R4: 17 | S4: 18 | T4: 19 | U4: 20 | V4: 21 | W4: 22 | X4: 23 | Y4: 24 | Z4: 25 | AA4: 26 | AB4: 27 | AC4: 28 | AD4: 29 | AE4: 30 | AF4: No. | AG4: Motorhome
A5: 1 | C5: Sutherland | AF5: 1 | AG5: Camper van
A6: 2 | D6: Booth | K6: Tinker | T6: Paskins | AF6: 2 | AG6: RV
A7: 3a | AD7: Jones | AF7: 3a
A8: 3 | B8: Hayes | O8: Hobbs | AF8: 3 | AG8: Tent
A9: 4 | V9: O'Hanlon | AF9: 4 | AG9: Trailer tent
A10: 5 | B10: Newby | O10: Bull | V10: Hawkrigg | Y10: Weston | AF10: 5
A11: 6 | D11: Darby | N11: Hanton | U11: Magee | AC11: Harvey | AF11: 6 | AG11: Extend stay not pd
A12: 7 | B12: McDermott | D12: S Smeyers | O12: Buelow | P12: Tasker | Q12: June & Tony - DO NOT MOVE thanks SM | AF12: 7
A13: 8 | B13: Lush-Smith | C13: King | N13: Timmins | Y13: Meek | AF13: 8 | AG13: Not here
A14: 9 | C14: Govier | H14: Naylor | AF14: 9 | AG14: Seasonal pitch
A15: 10 | B15: Witts | D15: mardell | F15: Petch | G15: Mienes | N15: Vanstone | U15: Clay | Z15: Hawker | AF15: 10 | AG15: late stay
A16: 11 | B16: cont…. | E16: Saffrette | M16: Wood | N16: Beamont - Thelma & John | S16: Corfield | AF16: 11 | AG16: Hard Standing
A17: 12 | B17: cont.. | E17: House | J17: Bridgewater - Carol & Alan req plot 12 BB4 | R17: DO NOT MOVE | AF17: 12
A18: 13 | J18: Weir | O18: Barnes | W18: Saunders | AF18: 13
A19: 14 | H19: Evans | O19: Hardie | S19: Wilmer | AF19: 14 | AG19: Not in use
A20: 15 | AF20: 15
A21: 16 | B21: cont.. | L21: Appleton pls do not move | AF21: 16 | AG21: Bank holiday
A22: 16a | N22: Reece pls do not move | AF22: 16a | AG22: Peak
A23: 17 | N23: Buckingham | X23: Owen | AF23: 17 | AG23: Off Peak
A24: 17a | N24: Buckingham/Hall | AF24: 17a | AG24: Cancelled
A25: 18 | AF25: 18 | AG25: Non arrival
A26: 18a | AF26: 18a
A27: 19 | B27: cont6… | E27: Costello | G27: Galli | X27: Monk | AF27: 19 | AG27: =ALERTS!E27 -> 0
A28: 20 | B28: cont.. | E28: Costello/ Bollard | N28: Oaton | Q28: Grain | AF28: 20 | AG28: =ALERTS!E28 -> 0
A29: 21 | D29: Eckford | N29: McCarthy | S29: Anderson | W29: Quantick | AF29: 21 | AG29: =ALERTS!E29 -> 0
A30: 22 | B30: cont.. | O30: Lester-Carr | AF30: 22
A31: Pitch | B31: =B3 -> Sat | C31: =C3 -> Sun | D31: =D3 -> Mon | E31: =E3 -> Tue | F31: =F3 -> Wed | G31: =G3 -> Thu | H31: =H3 -> Fri | I31: =I3 -> Sat | ... N31: =N3 -> Thu | O31: Fri | P31: Sat | Q31: Sun | R31: Mon | S31: =S3 -> Tue | T31: =T3 -> Wed | U31: =U3 -> Thu | V31: =V3 -> Fri | W31: =W3 -> Sat | X31: =X3 -> Sun | Y31: =Y3 -> Mon | Z31: =Z3 -> Tue | ... AB31: =AB3 -> Thur | AC31: Fri | AD31: Sat | AE31: Sun | AF31: Pitch
A32: No. | B32: 1 | C32: 2 | D32: 3 | E32: 4 | F32: 5 | G32: 6 | H32: 7 | I32: 8 | J32: 9 | K32: 10 | L32: 11 | M32: 12 | N32: 13 | O32: 14 | P32: 15 | Q32: 16 | R32: 17 | S32: 18 | T32: 19 | U32: 20 | V32: 21 | W32: 22 | X32: 23 | Y32: 24 | Z32: 25 | AA32: 26 | AB32: 27 | AC32: 28 | AD32: 29 | AE32: 30 | AF32: No. | AG32: TODAY IS
A33: 23 | B33: Jenkins cont… | AF33: 23 | AG33: =TODAY() -> 42833
A34: 23a | C34: Gal | AF34: 23a
A35: 24 | B35: CONT.. | C35: Walker | AF35: 24
A36: 25 | B36: Vacher cont… | D36: 3 | J36: 4wks | Q36: 1 | X36: 2 | AE36: 3 | AF36: 25
A37: 26 | B37: Jeffery cont… | I37: pd | P37: £161 due for week see comment on 8th | AF37: 26
A38: 27 | B38: Ratnik cont.. | H38: 5 | AF38: 27
A39: 28 | B39: Pip & Wayne | D39: off | E39: off | I39: off | J39: off | M39: off | N39: off | Q39: off | R39: off | U39: off | V39: off | W39: off | AA39: off | AB39: off | AE39: off | AF39: 28
A40: 29 | D40: Morrison | E40: Bills | H40: Groves | I40: Lee | K40: Balmer | O40: Blackburn | X40: Hill | Y40: Balmer | AF40: 29 | AG40: NO DOGS
A41: 30 | B41: cont.. | D41: Lawrence | E41: Balmer | K41: Eastby | L41: Slater | O41: Ashton | AF41: 30 | AG41: NO DOGS
A42: 31 | B42: Bob Stuart cont… | N42: we can move Bob's caravan | S42: Bob back | AF42: 31 | AG42: NO DOGS
A43: 32 | B43: Rampling | O43: Calafato | AF43: 32 | AG43: NO DOGS
A44: 33 | B44: Bowers | N44: Burton | AF44: 33 | AG44: NO DOGS
A45: 34 | B45: cont.. | E45: Gibson | H45: Leonie | N45: Mayers | V45: Stoker - Brian & Jenny | AF45: 34 | AG45: NO DOGS
A46: 35 | N46: Howard | AF46: 35
A47: 36 | O47: Davy | R47: Fitzgerald | AF47: 36
A48: 37 | O48: Davy | AF48: 37
A49: 38 | O49: Brandrick | AF49: 38
A50: 39 | AF50: 39
A51: 40 | E51: Towse | H51: Wray | K51: Howte | N51: Sheffield | AF51: 40
A52: 41 | AC52: Harmon | AD52: Gray | AF52: 41
A53: Late arrival bay | C53: Grundy | H53: Budden | J53: Chippendale | K53: Coppock | AF53: Late arrival bay
A54: Pitch | B54: =B31 -> Sat | C54: =C31 -> Sun | D54: =D31 -> Mon | E54: =E31 -> Tue | F54: =F31 -> Wed | G54: =G31 -> Thu | H54: =H31 -> Fri | I54: =I31 -> Sat | ... N54: =N31 -> Thu | O54: Fri | P54: Sat | Q54: Sun | R54: Mon | S54: =S31 -> Tue | T54: =T31 -> Wed | U54: =U31 -> Thu | V54: =V31 -> Fri | W54: =W31 -> Sat | X54: =X31 -> Sun | Y54: =Y31 -> Mon | Z54: =Z31 -> Tue | ... AB54: =AB31 -> Thur | AC54: Fri | AD54: Sat | AE54: Sun | AF54: Pitch
A55: No. | B55: 1 | C55: 2 | D55: 3 | E55: 4 | F55: 5 | G55: 6 | H55: 7 | I55: 8 | J55: 9 | K55: 10 | L55: 11 | M55: 12 | N55: 13 | O55: 14 | P55: 15 | Q55: 16 | R55: 17 | S55: 18 | T55: 19 | U55: 20 | V55: 21 | W55: 22 | X55: 23 | Y55: 24 | Z55: 25 | AA55: 26 | AB55: 27 | AC55: 28 | AD55: 29 | AE55: 30 | AF55: No.
A56: Paddock | AF56: Paddock
E57: Bills | K57: Hart | U57: Hurst | AC57: Barrigan | AD57: Hawker
A58: 7a | L58: Hornsby | O58: Mann | AF58: 7a
A59: 8a | L59: Darby | P59: Keates | AF59: 8a
A60: 9a | M60: BraddonMairs | AF60: 9a
A61: 10a | M61: Braddon | AF61: 10a
A62: 11a | M62: Braddon/Robinson | AF62: 11a
A63: 12a | O63: Biles/ spacagna | AF63: 12a
A64: 13a | O64: Biles | AF64: 13a
A65: 14a | O65: Le- Maistre | AF65: 14a
B67: Rob Minter seasonal reserved 30 Oct 2016 - pd £50 deposit - Ref 2610 -(I will move themfrom 8 to pl 9 ) | S67: not heard from them still so have now moved off pitch 9
A68: Behind Barn
A69: 2b | AF69: 2b
A70: 3b | AF70: 3b | AG70: STORM
A71: 4b | G71: Kean - Jonty Circus posters | AF71: 4b | AG71: ABI
A72: 5b | G72: Dodds- Circus posters | AF72: 5b
A73: 6b | AF73: 6b
A74: 7b NO LX | AF74: 7b
A76: Pitch | B76: =B54 -> Sat | C76: =C54 -> Sun | D76: =D54 -> Mon | E76: =E54 -> Tue | F76: =F54 -> Wed | G76: =G54 -> Thu | H76: =H54 -> Fri | I76: =I54 -> Sat | ... N76: =N54 -> Thu | O76: Fri | P76: Sat | Q76: Sun | R76: Mon | S76: =S54 -> Tue | T76: =T54 -> Wed | U76: =U54 -> Thu | V76: =V54 -> Fri | W76: =W54 -> Sat | X76: =X54 -> Sun | Y76: =Y54 -> Mon | Z76: =Z54 -> Tue | ... AB76: =AB54 -> Thur | AC76: Fri | AD76: Sat | AE76: Sun | AF76: Pitch
A77: No. | B77: 1 | C77: 2 | D77: 3 | E77: 4 | F77: 5 | G77: 6 | H77: 7 | I77: 8 | J77: 9 | K77: 10 | L77: 11 | M77: 12 | N77: 13 | O77: 14 | P77: 15 | Q77: 16 | R77: 17 | S77: 18 | T77: 19 | U77: 20 | V77: 21 | W77: 22 | X77: 23 | Y77: 24 | Z77: 25 | AA77: 26 | AB77: 27 | AC77: 28 | AD77: 29 | AE77: 30 | AF77: No.
A78: Camping NO ELECTRIC
A79: 42 | AF79: =A79 -> 42
A80: 43 | AF80: =A80 -> 43
A81: 44 | H81: Gibbins | AF81: =A81 -> 44
A82: 45 | P82: Henson | AF82: =A82 -> 45
A83: 46 | I83: Scrivener | AF83: =A83 -> 46
A84: 47 | AF84: =A84 -> 47
A85: 48 | P85: Rapo | AF85: =A85 -> 48
A86: 49 | AF86: =A86 -> 49
A87: 50 | AF87: =A87 -> 50
A88: 51 | AF88: =A88 -> 51
A89: 52 | AF89: =A89 -> 52
A90: 53 | AF90: =A90 -> 53
A91: 54 | AF91: =A91 -> 54
A92: 55 | AF92: =A92 -> 55
A93: 56 | AF93: =A93 -> 56
A94: 57 | AF94: =A94 -> 57
A95: 58 | AF95: =A95 -> 58
A97: N | AD97: Everett | AF97: N
A98: O | AD98: Kitt | AF98: O
A99: N | AD99: Paskins | AF99: N
A101: E | AF101: E
A102: L | AF102: L
A103: E | AF103: E
A104: C | AF104: C
...

Sheet May 2017
A1: BACK-UP RECORD HERE | AH1: INDEX - Colour code
C2: ACSI | D2: ACSI | E2: ACSI | F2: ACSI | G2: ACSI | H2: ACSI | I2: ACSI | J2: ACSI | K2: ACSI | L2: ACSI | M2: ACSI | N2: ACSI | O2: ACSI | P2: ACSI | Q2: ACSI | R2: ACSI | S2: ACSI | T2: ACSI | U2: ACSI | V2: ACSI | W2: ACSI | X2: ACSI | Y2: ACSI | AB2: BANK | AC2: HOL | AE2: PEAK
A3: Pitch | B3: Mon | C3: Tue | D3: Wed | E3: Thu | F3: Fri | G3: Sat | H3: Sun | I3: Mon | J3: Tue | K3: Wed | L3: Thu | M3: Fri | N3: Sat | O3: Sun | P3: Mon | Q3: Tue | R3: Wed | S3: Thu | T3: Fri | U3: Sat | V3: Sun | W3: Mon | X3: Tue | Y3: Wed | Z3: Thu | AA3: Fri | AB3: Sat | AC3: Sun | AD3: Mon | AE3: Tues | AF3: Wed | AG3: Pitch | AH3: Caravan
A4: No. | B4: 1 | C4: 2 | D4: 3 | E4: 4 | F4: 5 | G4: 6 | H4: 7 | I4: 8 | J4: 9 | K4: 10 | L4: 11 | M4: 12 | N4: 13 | O4: 14 | P4: 15 | Q4: 16 | R4: 17 | S4: 18 | T4: 19 | U4: 20 | V4: 21 | W4: 22 | X4: 23 | Y4: 24 | Z4: 25 | AA4: 26 | AB4: 27 | AC4: 28 | AD4: 29 | AE4: 30 | AF4: 31 | AG4: No. | AH4: Motorhome
A5: 1 | C5: Stephenson | J5: Raikes | AG5: 1 | AH5: Camper van
A6: 2 | J6: Morgan | AA6: Jennings | AF6: Jones | AG6: 2 | AH6: RV
A7: 3a | AA7: Lees | AG7: 3a
A8: 3 | AG8: 3 | AH8: Tent
A9: 4 | AG9: 4 | AH9: Trailer tent
A10: 5 | AG10: 5
A11: 6 | B11: cont | AG11: 6 | AH11: Extend stay not pd
A12: 7 | AG12: 7
A13: 8 | M13: McAllen | AB13: Lewis | AG13: 8 | AH13: Not here
A14: 9 | AG14: 9 | AH14: Seasonal pitch
A15: 10 | M15: McAllen/Brown | AG15: 10 | AH15: late stay
A16: 11 | Z16: Jeffs | AD16: Quartley | AG16: 11 | AH16: Hard Standing
A17: 12 | X17: Youlton | Z17: Haeney | AG17: 12
A18: 13 | N18: Barron | AE18: Blakemore | AG18: 13
A19: 14 | AG19: 14 | AH19: Not in use
A20: 15 | AG20: 15
A21: 16 | AC21: May/ Nicky | AG21: 16 | AH21: Bank holiday
A22: 16a | AC22: May/ Ratchel | AG22: 16a | AH22: Peak
A23: 17 | AC23: May | AG23: 17 | AH23: Off Peak
A24: 17a | AC24: May/ Sarah | AG24: 17a | AH24: Cancelled
A25: 18 | AG25: 18 | AH25: Non arrival
A26: 18a | AG26: 18a | AH26: late stay
A27: 19 | B27: Sturman | AG27: 19
A28: 20 | B28: Dunton | AG28: 20 | AH28: =ALERTS!E30 -> 0
A29: 21 | K29: Trippe | M29: Phillips | N29: Edwards | U29: Phillips | AG29: 21 | AH29: =ALERTS!E31 -> 0
A30: 22 | T30: Leonie & Malcolm | X30: off | Y30: off | AC30: off | AD30: off | AE30: off | AG30: 22 | AH30: =ALERTS!E32 -> 0
A31: Pitch | B31: Mon | C31: Tue | D31: Wed | E31: Thu | F31: Fri | G31: Sat | H31: Sun | I31: Mon | J31: Tue | K31: Wed | L31: Thu | M31: Fri | N31: Sat | O31: Sun | P31: Mon | Q31: Tue | R31: Wed | S31: Thu | T31: Fri | U31: Sat | V31: Sun | W31: Mon | X31: Tue | Y31: Wed | Z31: Thu | AA31: Fri | AB31: Sat | AC31: Sun | AD31: Mon | AE31: Tues | AF31: Wed | AG31: Pitch
A32: No. | B32: 1 | C32: 2 | D32: 3 | E32: 4 | F32: 5 | G32: 6 | H32: 7 | I32: 8 | J32: 9 | K32: 10 | L32: 11 | M32: 12 | N32: 13 | O32: 14 | P32: 15 | Q32: 16 | R32: 17 | S32: 18 | T32: 19 | U32: 20 | V32: 21 | W32: 22 | X32: 23 | Y32: 24 | Z32: 25 | AA32: 26 | AB32: 27 | AC32: 28 | AD32: 29 | AE32: 30 | AF32: 31 | AG32: No.
A33: 23 | AG33: 23 | AH33: TODAY IS
A34: 23a | E34: Silcox | W34: back from cruise | AG34: 23a | AH34: =TODAY() -> 42833
A35: 24 | AG35: 24
A36: 25 | H36: 4 | AG36: 25
A37: 26 | AG37: 26
A38: 27 | AG38: 27
A39: 28 | B39: off | C39: off | D39: off | H39: off | I39: off | J39: off | O39: off | P39: off | Q39: off | U39: off | V39: off | W39: off | Z39: off | AB39: off | AF39: off | AG39: 28
A40: 29 | O40: Gilbert | R40: Newman | T40: Hewlett | AA40: Macleod | AF40: Rogers | AG40: 29 | AH40: NO DOGS
A41: 30 | C41: Wallbridge | AA41: Maclean | AG41: 30 | AH41: NO DOGS
A42: 31 | B42: Bob cont.. | AA42: Stella to speak with Bob about moving caravan off | AG42: 31 | AH42: NO DOGS
A43: 32 | AG43: 32 | AH43: NO DOGS
A44: 33 | AA44: Pike | AG44: 33 | AH44: NO DOGS
A45: 34 | R45: Stoker | AA45: Childs | AG45: 34 | AH45: NO DOGS
A46: 35 | AG46: 35
A47: 36 | AG47: 36
A48: 37 | AG48: 37
A49: 38 | AA49: King/Aspey | AD49: Wharton | AG49: 38
A50: 39 | AA50: King & Duncan-Kerr | AG50: 39
A51: 40 | C51: Hutchison | J51: Winter | R51: Green | AA51: King/Scott Rawlinson | AG51: 40
A52: 41 | T52: Springall | AA52: King/Carina Rawlinson | AF52: Wilson | AG52: 41
A53: Late arrival bay | J53: Nichols | AG53: LATE ARRIVAL BAY
B54: =B31 -> Mon | C54: =C31 -> Tue | D54: =D31 -> Wed | E54: =E31 -> Thu | F54: =F31 -> Fri | G54: =G31 -> Sat | H54: =H31 -> Sun | I54: =I31 -> Mon | ... AF54: =AF31 -> Wed
B55: 1 | C55: 2 | D55: 3 | E55: 4 | F55: 5 | G55: 6 | H55: 7 | I55: 8 | J55: 9 | K55: 10 | L55: 11 | M55: 12 | N55: 13 | O55: 14 | P55: 15 | Q55: 16 | R55: 17 | S55: 18 | T55: 19 | U55: 20 | V55: 21 | W55: 22 | X55: 23 | Y55: 24 | Z55: 25 | AA55: 26 | AB55: 27 | AC55: 28 | AD55: 29 | AE55: 30 | AF55: 31
A56: Paddock | M56: Hill | AG56: Paddock
A57: Tent pitch with electric | AG57: Tents with electric
A58: 7a | Z58: Corderoy | AG58: 7a
A59: 8a | Z59: Corderoy / James | AG59: 8a
A60: 9a | AA60: Corderoy/ Basbia | AG60: 9a
A61: 10a | R61: Hodgins | AG61: 10a
A62: 11a | AG62: 11a
A63: 12a | AG63: 12a
A64: 13a | AG64: 13a
A65: 14a | AE65: Ogden | AG65: 14a
A67: Tents with electric
A68: Behind Barn | AG68: Tents with electric
A69: 2b | AG69: 2b
AG70: 3b | AH70: STORM
A71: ABI | AH71: ABI
A72: STORM | AG72: 4b
A73: 5b | AG73: 5b
A74: 6b | AG74: 6b | AH74: splitter plug
A75: 7b No electric | AG75: 7b
A77: Pitch | B77: =B54 -> Mon | C77: =C54 -> Tue | D77: =D54 -> Wed | E77: =E54 -> Thu | F77: =F54 -> Fri | G77: =G54 -> Sat | H77: =H54 -> Sun | I77: =I54 -> Mon | ... AF77: =AF54 -> Wed | AG77: Pitch
A78: No. | B78: 1 | C78: 2 | D78: 3 | E78: 4 | F78: 5 | G78: 6 | H78: 7 | I78: 8 | J78: 9 | K78: 10 | L78: 11 | M78: 12 | N78: 13 | O78: 14 | P78: 15 | Q78: 16 | R78: 17 | S78: 18 | T78: 19 | U78: 20 | V78: 21 | W78: 22 | X78: 23 | Y78: 24 | Z78: 25 | AA78: 26 | AB78: 27 | AC78: 28 | AD78: 29 | AE78: 30 | AF78: 31 | AG78: No.
A79: No Electric | AB79: Radburn | AG79: No Electric
A80: 42 | AG80: =A80 -> 42
A81: 43 | AG81: =A81 -> 43
A82: 44 | AG82: =A82 -> 44
A83: 45 | AG83: =A83 -> 45
A84: 46 | AG84: =A84 -> 46
A85: 47 | AG85: =A85 -> 47
A86: 48 | AG86: =A86 -> 48
A87: 49 | AG87: =A87 -> 49
A88: 50 | AG88: =A88 -> 50
A89: 51 | AG89: =A89 -> 51
A90: 52 | AG90: =A90 -> 52
A91: 53 | AG91: =A91 -> 53
... A96: 58 | AG96: =A96 -> 58
A97: Top camping field no electric
A98: N | AG98: N
A99: O | AG99: O
A100: N | AG100: N
A102: E | AG102: E
A103: L | AG103: L
A104: E | AG104: E
A105: C | AG105: C
A106: T | AG106: T
A107: R | AG107: R
...

Sheet June 2017
A1: BACK-UP RECORD HERE | AG1: INDEX - Colour code
D2: PEAK | E2: MXGT moto cross | J2: OFF PEAK | Q2: OFF PEAK | Y2: OFF PEAK
A3: Pitch | B3: Thu | C3: Fri | D3: Sat | E3: Sun | F3: Mon | G3: Tue | H3: Wed | I3: Thu | J3: Fri | K3: Sat | L3: Sun | M3: Mon | N3: Tue | O3: Wed | P3: Thu | Q3: Fri | R3: Sat | S3: Sun | T3: Mon | U3: Tue | V3: Wed | W3: Thu | X3: Fri | Y3: Sat | Z3: Sun | AA3: Mon | AB3: Tues | AC3: Wed | AD3: Thur | AE3: Fri | AF3: Pitch | AG3: Caravan
A4: No. | B4: 1 | C4: 2 | D4: 3 | E4: 4 | F4: 5 | G4: 6 | H4: 7 | I4: 8 | J4: 9 | K4: 10 | L4: 11 | M4: 12 | N4: 13 | O4: 14 | P4: 15 | Q4: 16 | R4: 17 | S4: 18 | T4: 19 | U4: 20 | V4: 21 | W4: 22 | X4: 23 | Y4: 24 | Z4: 25 | AA4: 26 | AB4: 27 | AC4: 28 | AD4: 29 | AE4: 30 | AF4: No. | AG4: Motorhome
A5: 1 | AF5: 1 | AG5: Camper van
A6: 2 | AF6: 2 | AG6: RV
A7: 2a | AF7: 2a
A8: 3 | AA8: Whiteley | AF8: 3 | AG8: Tent
A9: 4 | AF9: 4 | AG9: Trailer tent
A10: 5 | E10: Beattie | AB10: Bayliss | AF10: 5
A11: 6 | D11: Little | N11: Wossick | AF11: 6 | AG11: Extend stay not pd
A12: 7 | F12: Brooks | AF12: 7
A13: 8 | B13: cont.. | L13: Booth | AD13: Pickering | AF13: 8 | AG13: Not here
A14: 9 | AF14: 9 | AG14: Seasonal pitch
A15: 10 | M15: Madden Pls don't move as with Stone | AF15: 10 | AG15: late stay
A16: 11 | E16: Brown | N16: Stone pls don't move as with Madden | AF16: 11 | AG16: Hard Standing
A17: 12 | F17: Roberts | Q17: Chaplin | AF17: 12
A18: 13 | AF18: 13
A19: 14 | C19: Barker | AF19: 14 | AG19: Not in use
A20: 15 | AF20: 15
A21: 16 | O21: Murphy | AF21: 16 | AG21: Bank holiday
A22: 16a | O22: Jones | AF22: 16a | AG22: Peak
A23: 17 | O23: Wiggins | AF23: 17 | AG23: Off Peak
A24: 17a | O24: Dowd | AF24: 17a | AG24: Cancelled
A25: 18 | AF25: 18 | AG25: Non arrival
A26: 18a | AF26: 18a | AG26: late stay
A27: 19 | T27: Beattie | AF27: 19
A28: 20 | O28: Bradley | AF28: 20 | AG28: =ALERTS!E33 -> 0
A29: 21 | O29: Corless | AE29: Quantick | AF29: 21 | AG29: =ALERTS!E34 -> 0
A30: 22 | E30: off | F30: off | G30: off | H30: off | L30: off | M30: off | N30: off | S30: off | T30: off | U30: off | V30: off | Z30: off | AA30: off | AB30: off | AF30: 22 | AG30: =ALERTS!E35 -> 0
A31: Pitch | B31: Thu | C31: Fri | D31: Sat | E31: Sun | F31: Mon | G31: Tue | H31: Wed | I31: Thu | J31: Fri | K31: Sat | L31: Sun | M31: Mon | N31: Tue | O31: Wed | P31: Thu | Q31: Fri | R31: Sat | S31: Sun | T31: Mon | U31: Tue | V31: Wed | W31: Thu | X31: Fri | Y31: Sat | Z31: Sun | AA31: Mon | AB31: Tues | AC31: Wed | AD31: Thur | AE31: Fri | AF31: Pitch
A32: No. | B32: 1 | C32: 2 | D32: 3 | E32: 4 | F32: 5 | G32: 6 | H32: 7 | I32: 8 | J32: 9 | K32: 10 | L32: 11 | M32: 12 | N32: 13 | O32: 14 | P32: 15 | Q32: 16 | R32: 17 | S32: 18 | T32: 19 | U32: 20 | V32: 21 | W32: 22 | X32: 23 | Y32: 24 | Z32: 25 | AA32: 26 | AB32: 27 | AC32: 28 | AD32: 29 | AE32: 30 | AF32: No.
A33: 23 | AF33: 23 | AG33: TODAY IS
A34: 23a | AF34: 23a | AG34: =TODAY() -> 42833
A35: 24 | AF35: 24
A36: 25 | AF36: 25
A37: 26 | AF37: 26
A38: 27 | AF38: 27
A39: 28 | B39: off | C39: off | D39: off | I39: off | J39: off | K39: off | O39: off | P39: off | Q39: off | R39: off | W39: off | X39: off | Y39: off | AC39: off | AD39: off | AE39: off | AF39: 28
A40: 29 | Q40: Jones | X40: S | Z40: Lewis | AE40: Craig | AF40: 29 | AG40: NO DOGS
A41: 30 | M41: Platts | AF41: 30 | AG41: NO DOGS
A42: 31 | B42: Bob Stuart | AF42: 31 | AG42: NO DOGS
A43: 32 | O43: Lyne | P43: Paskins - Robin | AF43: 32 | AG43: NO DOGS
A44: 33 | O44: Coulthard | AF44: 33 | AG44: NO DOGS
A45: 34 | B45: cont.. | J45: Stoker - Brian & Jenny | AF45: 34 | AG45: NO DOGS
A46: 35 | D46: Setterfield | O46: Thomas | AF46: 35
A47: 36 | O47: Carradus | AF47: 36
A48: 37 | O48: OBrian | AF48: 37
A49: 38 | N49: Worthington | AF49: 38
A50: 39 | O50: Giddings | AF50: 39
A51: 40 | D51: Crutchley | F51: Crowson | I51: Conway | O51: Gregory | AF51: 40
A52: 41 | K52: Jackson | O52: Hughes | R52: Harris | W52: Hobbs-do not move | AF52: 41
A53: late arrival | AE53: Forber | AF53: Late Arrival Bay
A54: Pitch | B54: Thu | C54: Fri | D54: Sat | E54: Sun | F54: Mon | G54: Tue | H54: Wed | I54: Thu | J54: Fri | K54: Sat | L54: Sun | M54: Mon | N54: Tue | O54: Wed | P54: Thu | Q54: Fri | R54: Sat | S54: Sun | T54: Mon | U54: Tue | V54: Wed | W54: Thu | X54: Fri | Y54: Sat | Z54: Sun | AA54: Mon | AB54: Tues | AC54: Wed | AD54: Thur | AE54: Fri | AF54: Pitch
A55: No. | B55: 1 | C55: 2 | D55: 3 | E55: 4 | F55: 5 | G55: 6 | H55: 7 | I55: 8 | J55: 9 | K55: 10 | L55: 11 | M55: 12 | N55: 13 | O55: 14 | P55: 15 | Q55: 16 | R55: 17 | S55: 18 | T55: 19 | U55: 20 | V55: 21 | W55: 22 | X55: 23 | Y55: 24 | Z55: 25 | AA55: 26 | AB55: 27 | AC55: 28 | AD55: 29 | AE55: 30 | AF55: No.
A56: Paddock | AF56: Paddock
A57: camping pitches with electric | AF57: camping with electric
A58: 7a | AE58: Warby | AF58: 7a
A59: 8a | AF59: 8a
A60: 9a | AF60: 9a
A61: 10a | AF61: 10a
A62: 11a | AF62: 11a
A63: 12a | AF63: 12a
A64: 13a | AF64: 13a
A65: 14a | AF65: 14a
A67: Tents with electric | AF67: Tents with electric
A68: Behind Barn
A69: 2b | AF69: 2b
A70: STORM | AF70: STORM
A71: ABI | AF71: ABI Manhatton
A72: 5b | AF72: 5b
A73: 6b | AF73: 6b
A74: 7b NO LX | AF74: 7b | AG74: No electric unless splitter
A76: Pitch | B76: =B54 -> Thu | C76: =C54 -> Fri | D76: =D54 -> Sat | E76: =E54 -> Sun | F76: =F54 -> Mon | G76: =G54 -> Tue | H76: =H54 -> Wed | I76: =I54 -> Thu | ... AE76: =AE54 -> Fri | AF76: Pitch
A77: No. | B77: 1 | C77: 2 | D77: 3 | E77: 4 | F77: 5 | G77: 6 | H77: 7 | I77: 8 | J77: 9 | K77: 10 | L77: 11 | M77: 12 | N77: 13 | O77: 14 | P77: 15 | Q77: 16 | R77: 17 | S77: 18 | T77: 19 | U77: 20 | V77: 21 | W77: 22 | X77: 23 | Y77: 24 | Z77: 25 | AA77: 26 | AB77: 27 | AC77: 28 | AD77: 29 | AE77: 30 | AF77: No.
A79: 42 | AF79: =A79 -> 42
A80: 43 | AF80: =A80 -> 43
A81: 44 | AF81: =A81 -> 44
A82: 45 | AF82: =A82 -> 45
A83: 46 | AF83: =A83 -> 46
A84: 47 | AF84: =A84 -> 47
A85: 48 | AF85: =A85 -> 48
A86: 49 | AF86: =A86 -> 49
A87: 50 | AF87: =A87 -> 50
A88: 51 | AF88: =A88 -> 51
A89: 52 | AF89: =A89 -> 52
A90: 53 | AF90: =A90 -> 53
... A95: 58 | AF95: =A95 -> 58
A98: N | AF98: N
A99: O | AF99: O
A100: N | AF100: N
A102: E | AF102: E
A103: L | AF103: L
A104: E | AF104: E
A105: C | AF105: C
A106: T | AF106: T
A107: R | AF107: R
A108: I | AF108: I
A109: C | AF109: C

Sheet July 2017
A1: BACK-UP RECORD HERE | AH1: INDEX - Colour code
D2: OFF PEAK | J2: OFF PEAK | Q2: OFF PEAK | Y2: PEAK | AD2: PEAK
A3: Pitch | B3: Sat | C3: Sun | D3: Mon | E3: Tue | F3: Wed | G3: Thu | H3: Fri | I3: Sat | J3: Sun | K3: Mon | L3: Tue | M3: Wed | N3: Thu | O3: Fri | P3: Sat | Q3: Sun | R3: Mon | S3: Tue | T3: Wed | U3: Thu | V3: Fri | W3: Sat | X3: Sun | Y3: Mon | Z3: Tue | AA3: Wed | AB3: Thu | AC3: Fri | AD3: Sat | AE3: Sun | AF3: Mon | AG3: Pitch | AH3: Caravan
A4: No. | B4: 1 | C4: 2 | D4: 3 | E4: 4 | F4: 5 | G4: 6 | H4: 7 | I4: 8 | J4: 9 | K4: 10 | L4: 11 | M4: 12 | N4: 13 | O4: 14 | P4: 15 | Q4: 16 | R4: 17 | S4: 18 | T4: 19 | U4: 20 | V4: 21 | W4: 22 | X4: 23 | Y4: 24 | Z4: 25 | AA4: 26 | AB4: 27 | AC4: 28 | AD4: 29 | AE4: 30 | AF4: 31 | AG4: No. | AH4: Motorhome
A5: 1 | AG5: 1 | AH5: Camper van
A6: 2 | C6: Hounsley | G6: Erusmun | L6: May extend | AF6: Puyriguad | AG6: 2 | AH6: RV
A7: 2a | AD7: Kindon | AF7: Puyriguad | AG7: 2a
A8: 3 | AG8: 3 | AH8: Tent
A9: 4 | AG9: 4 | AH9: Trailer tent
A10: 5 | B10: cont.. | AG10: 5
A11: 6 | G11: Moorley | V11: Hanky | AG11: 6 | AH11: Extend stay not pd
A12: 7 | AG12: 7
A13: 8 | B13: Pickering cont….. | AG13: 8 | AH13: Not here
A14: 9 | AG14: 9 | AH14: Seasonal pitch
A15: 10 | H15: Trill | AG15: 10 | AH15: late stay
A16: 11 | H16: Stone | AD16: Keith | AG16: 11 | AH16: Hard Standing
A17: 12 | H17: Hampson | Z17: Roberts - DO NOT MOVE | AG17: 12
A18: 13 | H18: Simmonds | AG18: 13
A19: 14 | H19: Easton | AG19: 14 | AH19: Not in use
A20: 15 | I20: Cullen / Brown - £21 | AG20: 15
A21: 16 | H21: Cullen - £52 | W21: Betton | AE21: Ogelfby | AG21: 16 | AH21: Bank holiday
A22: 16a | H22: Cullen / Ward - £52 | W22: Davies | AG22: 16a | AH22: Peak
A23: 17 | H23: Cullen/ Newcombe - £ | W23: Deakin | AC23: Hallard/Adlard | AG23: 17 | AH23: Off Peak
A24: 17a | H24: Cullen/ Pugh - £52 | W24: Deakin/Corker | AC24: Hallard/Reid | AG24: 17a | AH24: Cancelled
A25: 18 | W25: Deakin/Mahoney | AC25: Hallard/Smith | AG25: 18 | AH25: Non arrival
A26: 18a | I26: Cullen / Parsons £21 | R26: Tiplady | AC26: Hallard / Littlewood | AG26: 18a | AH26: late stay
A27: 19 | H27: Cullen/Night | R27: Tiplady | AC27: Hallard/Rogers | AG27: 19
A28: 20 | AC28: Hallard | AF28: Wallace-Edwards | AG28: 20 | AH28: =ALERTS!E36 -> 0
A29: 21 | AG29: 21 | AH29: =ALERTS!E37 -> 0
A30: 22 | C30: off | D30: off | E30: off | F30: off | J30: off | K30: off | L30: off | Q30: off | R30: off | S30: off | T30: off | X30: off | Y30: off | Z30: off | AE30: off | AF30: off | AG30: 22 | AH30: =ALERTS!E38 -> 0
A31: Pitch | B31: Sat | C31: Sun | D31: Mon | E31: Tue | F31: Wed | G31: Thu | H31: Fri | I31: Sat | J31: Sun | K31: Mon | L31: Tue | M31: Wed | N31: Thu | O31: Fri | P31: Sat | Q31: Sun | R31: Mon | S31: Tue | T31: Wed | U31: Thu | V31: Fri | W31: Sat | X31: Sun | Y31: Mon | Z31: Tue | AA31: Wed | AB31: Thu | AC31: Fri | AD31: Sat | AE31: Sun | AF31: Mon | AG31: Pitch
A32: No. | B32: 1 | C32: 2 | D32: 3 | E32: 4 | F32: 5 | G32: 6 | H32: 7 | I32: 8 | J32: 9 | K32: 10 | L32: 11 | M32: 12 | N32: 13 | O32: 14 | P32: 15 | Q32: 16 | R32: 17 | S32: 18 | T32: 19 | U32: 20 | V32: 21 | W32: 22 | X32: 23 | Y32: 24 | Z32: 25 | AA32: 26 | AB32: 27 | AC32: 28 | AD32: 29 | AE32: 30 | AF32: 31 | AG32: No.
A33: 23 | AG33: 23
A34: 23a | AG34: 23a
A35: 24 | AG35: 24 | AH35: TODAY IS
A36: 25 | AG36: 25 | AH36: =TODAY() -> 42833
A37: 26 | AG37: 26
A38: 27 | AG38: 27
A39: 28 | B39: off | G39: off | H39: off | I39: off | M39: off | N39: off | O39: off | P39: off | U39: off | V39: off | W39: off | AA39: off | AB39: off | AC39: off | AD39: off | AG39: 28
A40: 29 | B40: Craige cont… away on cruise | AG40: 29 | AH40: NO DOGS
A41: 30 | H41: Lewis | AG41: 30 | AH41: NO DOGS
A42: 31 | B42: Bob Stuart | AG42: 31 | AH42: NO DOGS
A43: 32 | H43: Vinnicombe | AG43: 32 | AH43: NO DOGS
A44: 33 | H44: Travis | AG44: 33 | AH44: NO DOGS
A45: 34 | H45: Bryant | X45: Clarke | AG45: 34 | AH45: NO DOGS
A46: 35 | AG46: 35
A47: 36 | U47: Newey | AG47: 36
A48: 37 | W48: Beverley | Z48: Manning | AG48: 37
A49: 38 | U49: Jones | V49: Weston | W49: Beverley | AG49: 38
A50: 39 | L50: Marshall | W50: Beverley | AG50: 39
A51: 40 | B51: Wison | C51: Braun | L51: Perry | P51: Jasper | S51: Giles | U51: Lawson | V51: Mullen | Z51: Walton | AG51: 40
A52: 41 | D52: Butterfield | P52: Jasper/Taylor | W52: Boeing | Z52: Berresford | AG52: 41
A53: Late arrival bay | I53: Emmenegger | AH53: Late arrival bay
B54: =B31 -> Sat | C54: =C31 -> Sun | D54: =D31 -> Mon | E54: =E31 -> Tue | F54: =F31 -> Wed | G54: =G31 -> Thu | H54: =H31 -> Fri | I54: =I31 -> Sat | ... AF54: =AF31 -> Mon | AG54: Pitch
B55: 1 | C55: 2 | D55: 3 | E55: 4 | F55: 5 | G55: 6 | H55: 7 | I55: 8 | J55: 9 | K55: 10 | L55: 11 | M55: 12 | N55: 13 | O55: 14 | P55: 15 | Q55: 16 | R55: 17 | S55: 18 | T55: 19 | U55: 20 | V55: 21 | W55: 22 | X55: 23 | Y55: 24 | Z55: 25 | AA55: 26 | AB55: 27 | AC55: 28 | AD55: 29 | AE55: 30 | AF55: 31 | AG55: No.
A56: Paddock | AG56: Paddock
A57: Camping with electric | AG57: Camping with electric
A58: 7a | B58: cont.. | H58: Russell | Y58: Seebe | AG58: 7a
A59: 8a | J59: Byram | Y59: Gullucci | AG59: 8a
A60: 9a | AG60: 9a
A61: 10a | AG61: 10a
A62: 11a | AG62: 11a
A63: 12a | AG63: 12a
A64: 13a | AG64: 13a
A65: 14a | AD65: Beck | AG65: 14a
A67: Camping with electric
A68: Behind Barn | AG68: Camping with electric
A69: 2b | AG69: 2b
A70: 3b | AG70: 3b
A71: 4b | AG71: 4b
A72: 5b | AG72: 5b
A73: 6b | AG73: 6b
A74: 7b NO LX | AG74: 7b | AH74: No Electric
A76: Pitch | B76: =B54 -> Sat | C76: =C54 -> Sun | D76: =D54 -> Mon | E76: =E54 -> Tue | F76: =F54 -> Wed | G76: =G54 -> Thu | H76: =H54 -> Fri | I76: =I54 -> Sat | ... AF76: =AF54 -> Mon | AG76: Pitch
A77: No. | B77: 1 | C77: 2 | D77: 3 | E77: 4 | F77: 5 | G77: 6 | H77: 7 | I77: 8 | J77: 9 | K77: 10 | L77: 11 | M77: 12 | N77: 13 | O77: 14 | P77: 15 | Q77: 16 | R77: 17 | S77: 18 | T77: 19 | U77: 20 | V77: 21 | W77: 22 | X77: 23 | Y77: 24 | Z77: 25 | AA77: 26 | AB77: 27 | AC77: 28 | AD77: 29 | AE77: 30 | AF77: 31 | AG77: No.
A79: 42 | AG79: =A79 -> 42
A80: 43 | AG80: =A80 -> 43
A81: 44 | AG81: =A81 -> 44
A82: 45 | AG82: =A82 -> 45
A83: 46 | AG83: =A83 -> 46
A84: 47 | AG84: =A84 -> 47
A85: 48 | AG85: =A85 -> 48
A86: 49 | AG86: =A86 -> 49
A87: 50 | AG87: =A87 -> 50
A88: 51 | AG88: =A88 -> 51
A89: 52 | AG89: =A89 -> 52
A90: 53 | AG90: =A90 -> 53
... A95: 58 | AG95: =A95 -> 58
A97: N | AG97: N
A98: O | AG98: O
A99: N | AG99: N
A101: E | AG101: E
A102: L | AG102: L
A103: E | AG103: E
A104: C | AG104: C
A105: T | AG105: T
A106: R | AG106: R
A107: I | AG107: I
A108: C | AG108: C

Sheet Aug 2017
A1: BACK-UP RECORD HERE | AH1: INDEX - Colour code
F2: P E A K | K2: P E A K | Q2: P E A K | AB2: BANK | AC2: HOL
A3: Pitch | B3: Tue | C3: Wed | D3: Thu | E3: Fri | F3: Sat | G3: Sun | H3: Mon | I3: Tue | J3: Wed | K3: Thu | L3: Fri | M3: Sat | N3: Sun | O3: Mon | P3: Tue | Q3: Wed | R3: Thu | S3: Fri | T3: Sat | U3: Sun | V3: Mon | W3: Tue | X3: Wed | Y3: Thu | Z3: Fri | AA3: Sat | AB3: Sun | AC3: Mon | AD3: Tues | AE3: Wed | AF3: Thur | AG3: Pitch | AH3: Caravan
A4: No. | B4: 1 | C4: 2 | D4: 3 | E4: 4 | F4: 5 | G4: 6 | H4: 7 | I4: 8 | J4: 9 | K4: 10 | L4: 11 | M4: 12 | N4: 13 | O4: 14 | P4: 15 | Q4: 16 | R4: 17 | S4: 18 | T4: 19 | U4: 20 | V4: 21 | W4: 22 | X4: 23 | Y4: 24 | Z4: 25 | AA4: 26 | AB4: 27 | AC4: 28 | AD4: 29 | AE4: 30 | AF4: 31 | AG4: No. | AH4: Motorhome
A5: 1 | AG5: 1 | AH5: Camper van
A6: 1a | AG6: 1a | AH6: RV
A7: 2 | X7: Meirano | AG7: 2
A8: 3 | M8: Hennessy | AG8: 3 | AH8: Tent
A9: 4 | AG9: 4 | AH9: Trailer tent
A10: 5 | AG10: 5
A11: 6 | M11: Blackburn | AG11: 6 | AH11: Extend stay not pd
A12: 7 | F12: Jacks | AG12: 7
A13: 8 | M13: Fowler | AG13: 8 | AH13: Not here
A14: 9 | B14: seasonal cont… | AG14: 9 | AH14: Seasonal pitch
A15: 10 | AG15: 10 | AH15: late stay
A16: 11 | D16: Lewthwaite | AA16: Gill | AD16: Edwards | AG16: 11 | AH16: Hard Standing
A17: 12 | C17: Norton | AG17: 12
A18: 13 | AG18: 13
A19: 14 | AG19: 14 | AH19: Not in use
A20: 15 | AG20: 15
A21: 16 | B21: cont…. | AG21: 16 | AH21: Bank holiday
A22: 16a | AG22: 16a | AH22: Peak
A23: 17 | AG23: 17 | AH23: Off Peak
A24: 17a | AG24: 17a | AH24: Cancelled
A25: 18 | AG25: 18 | AH25: Non arrival
A26: 18a | AG26: 18a
A27: 19 | AG27: 19
A28: 20 | B28: cont…. | AG28: 20 | AH28: =ALERTS!E39 -> 0
A29: 21 | B29: Bainbridge | AD29: Hill | AG29: 21 | AH29: =ALERTS!E40 -> 0
A30: 22 | B30: off | C30: off | G30: off | H30: off | I30: off | N30: off | O30: off | P30: off | Q30: off | U30: off | V30: off | W30: off | AB30: off | AC30: off | AD30: off | AE30: off | AG30: 22 | AH30: =ALERTS!E41 -> 0
A31: Pitch | B31: Tue | C31: Wed | D31: Thu | E31: Fri | F31: Sat | G31: Sun | H31: Mon | I31: Tue | J31: Wed | K31: Thu | L31: Fri | M31: Sat | N31: Sun | O31: Mon | P31: Tue | Q31: Wed | R31: Thu | S31: Fri | T31: Sat | U31: Sun | V31: Mon | W31: Tue | X31: Wed | Y31: Thu | Z31: Fri | AA31: Sat | AB31: Sun | AC31: Mon | AD31: Tues | AE31: Wed | AF31: Thur | AG31: Pitch
A32: No. | B32: 1 | C32: 2 | D32: 3 | E32: 4 | F32: 5 | G32: 6 | H32: 7 | I32: 8 | J32: 9 | K32: 10 | L32: 11 | M32: 12 | N32: 13 | O32: 14 | P32: 15 | Q32: 16 | R32: 17 | S32: 18 | T32: 19 | U32: 20 | V32: 21 | W32: 22 | X32: 23 | Y32: 24 | Z32: 25 | AA32: 26 | AB32: 27 | AC32: 28 | AD32: 29 | AE32: 30 | AF32: 31 | AG32: No.
A33: 23 | AG33: 23
A34: 23a | AG34: 23a
A35: 24 | AG35: 24 | AH35: TODAY IS
A36: 25 | AG36: 25 | AH36: =TODAY() -> 42833
A37: 26 | AG37: 26
A38: 27 | AG38: 27
A39: 28 | D39: off | E39: off | F39: off | J39: off | K39: off | L39: off | M39: off | R39: off | S39: off | T39: off | X39: off | Y39: off | AA39: off | AE39: off | AF39: off | AG39: 28
A40: 29 | AG40: 29 | AH40: NO DOGS
A41: 30 | AG41: 30 | AH41: NO DOGS
A42: 31 | AG42: 31 | AH42: NO DOGS
A43: 32 | AG43: 32 | AH43: NO DOGS
A44: 33 | G44: Burton | AG44: 33 | AH44: NO DOGS
A45: 34 | AC45: Carroll | AG45: 34 | AH45: NO DOGS
A46: 35 | AG46: 35
A47: 36 | AG47: 36
A48: 37 | AG48: 37
A49: 38 | AG49: 38
A50: 39 | AG50: 39
A51: 40 | J51: Griffiths | X51: Meirano | Y51: Fry | AG51: 40
A52: 41 | F52: Boeing | N52: Pascoe | R52: Edwards | V52: Pascoe | Z52: Berresford | AG52: 41
A53: Late arrival bay
B54: =B31 -> Tue | C54: =C31 -> Wed | D54: =D31 -> Thu | E54: =E31 -> Fri | F54: =F31 -> Sat | G54: =G31 -> Sun | H54: =H31 -> Mon | I54: =I31 -> Tue | ... Y54: =Y31 -> Thu | Z54: Fri | AA54: Sat | AB54: Sun | AC54: Mon | AD54: =AD31 -> Tues | AE54: =AE31 -> Wed | AF54: =AF31 -> Thur
B55: 1 | C55: 2 | D55: 3 | E55: 4 | F55: 5 | G55: 6 | H55: 7 | I55: 8 | J55: 9 | K55: 10 | L55: 11 | M55: 12 | N55: 13 | O55: 14 | P55: 15 | Q55: 16 | R55: 17 | S55: 18 | T55: 19 | U55: 20 | V55: 21 | W55: 22 | X55: 23 | Y55: 24 | Z55: 25 | AA55: 26 | AB55: 27 | AC55: 28 | AD55: 29 | AE55: 30 | AF55: 31
A56: Paddock | I56: Houghton | AG56: Paddock
A57: Camping with electric | AG57: Camping with electric
A58: 7a | B58: cont.. | P58: Groves | AG58: 7a
A59: 8a | AG59: 8a
A60: 9a | Z60: Harrop | AG60: 9a
A61: 10a | AG61: 10a
A62: 11a | AG62: 11a
A63: 12a | J63: Holland | AG63: 12a
A64: 13a | AG64: 13a
A65: 14a | B65: cont.. | AG65: 14a
A67: Camping with electric
A68: Behind Barn | AG68: Camping with electric
A69: 2b | AG69: 2b
A70: 3b | AG70: 3b
A71: 4b | AG71: 4b
A72: 5b | AG72: 5b
A73: 6b | AG73: 6b
A74: 7b NO LX | AG74: 7b
A76: Pitch | B76: =B54 -> Tue | C76: =C54 -> Wed | D76: =D54 -> Thu | E76: =E54 -> Fri | F76: =F54 -> Sat | G76: =G54 -> Sun | H76: =H54 -> Mon | I76: =I54 -> Tue | ... AF76: =AF54 -> Thur | AG76: Pitch
A77: No. | B77: 1 | C77: 2 | D77: 3 | E77: 4 | F77: 5 | G77: 6 | H77: 7 | I77: 8 | J77: 9 | K77: 10 | L77: 11 | M77: 12 | N77: 13 | O77: 14 | P77: 15 | Q77: 16 | R77: 17 | S77: 18 | T77: 19 | U77: 20 | V77: 21 | W77: 22 | X77: 23 | Y77: 24 | Z77: 25 | AA77: 26 | AB77: 27 | AC77: 28 | AD77: 29 | AE77: 30 | AF77: 31 | AG77: No.
A78: Paddock camping NO electric
A79: 42 | AG79: =A79 -> 42
A80: 43 | AG80: =A80 -> 43
A81: 44 | AG81: =A81 -> 44
A82: 45 | AG82: =A82 -> 45
A83: 46 | AG83: =A83 -> 46
A84: 47 | AG84: =A84 -> 47
A85: 48 | AG85: =A85 -> 48
A86: 49 | AG86: =A86 -> 49
A87: 50 | AG87: =A87 -> 50
A88: 51 | AG88: =A88 -> 51
A89: 52 | AG89: =A89 -> 52
A90: 53 | AG90: =A90 -> 53
A91: 54 | AG91: =A91 -> 54
A92: 55 | AA92: Farrimond | AG92: =A92 -> 55
A96: Top camping field NO electric
A97: N | AG97: N
A98: O | AG98: O
A99: N | AG99: N
A101: E | AG101: E
A102: L | AG102: L
A103: E | AG103: E
A104: C | AG104: C
A105: T | AG105: T
A106: R | AG106: R
...

Sheet Sept 2017
A1: BACK-UP RECORD HERE | AG1: INDEX - Colour code
B2: PEAK | E2: OFF | F2: PEAK | Q2: BOAT SHOW | AA2: OFF | AB2: PEAK
A3: Pitch | B3: Fri | C3: Sat | D3: Sun | E3: Mon | F3: Tue | G3: Wed | H3: Thu | I3: Fri | J3: Sat | K3: Sun | L3: Mon | M3: Tue | N3: Wed | O3: Thu | P3: Fri | Q3: Sat | R3: Sun | S3: Mon | T3: Tue | U3: Wed | V3: Thu | W3: Fri | X3: Sat | Y3: Sun | Z3: Mon | AA3: Tue | AB3: Wed | AC3: Thur | AD3: Fri | AE3: Sat | AF3: Pitch | AG3: Caravan
A4: No. | B4: 1 | C4: 2 | D4: 3 | E4: 4 | F4: 5 | G4: 6 | H4: 7 | I4: 8 | J4: 9 | K4: 10 | L4: 11 | M4: 12 | N4: 13 | O4: 14 | P4: 15 | Q4: 16 | R4: 17 | S4: 18 | T4: 19 | U4: 20 | V4: 21 | W4: 22 | X4: 23 | Y4: 24 | Z4: 25 | AA4: 26 | AB4: 27 | AC4: 28 | AD4: 29 | AE4: 30 | AF4: No. | AG4: Motorhome
A5: 1 | AF5: 1 | AG5: Camper van
A6: 2 | O6: James Burt - DO NOT MOVE | AF6: 2 | AG6: RV
A7: 3 | AF7: 3
A8: 4 | AF8: 4 | AG8: Tent
A9: 5 | AF9: 5 | AG9: Trailer tent
A10: 6 | AF10: 6
A11: 7 | AF11: 7 | AG11: Extend stay not pd
A12: 8 | P12: Browne | AC12: Eames | AF12: 8
A13: 9 | O13: Woodward / Abbott | AF13: 9 | AG13: Not here
A14: 10 | O14: Woodward | AF14: 10 | AG14: Seasonal pitch
A15: 11 | U15: O'Reilly | AF15: 11 | AG15: late stay
A16: 12 | AF16: 12 | AG16: Hard Standing
A17: 13 | AF17: 13
A18: 14 | AF18: 14
A19: 15 | AF19: 15 | AG19: Not in use
A20: 16 | AF20: 16
A21: 16a | AF21: 16a | AG21: Bank holiday
A22: 17 | AF22: 17 | AG22: Peak
A23: 17a | AF23: 17a | AG23: Off Peak
A24: 18 | AF24: 18 | AG24: Cancelled
A25: 18a | AF25: 18a | AG25: Non arrival
A26: 19 | AF26: 19 | AG26: late stay
A27: 20 | AF27: 20
A28: 21 | D28: Bainbridge | W28: Grice | AF28: 21 | AG28: =ALERTS!E42 -> 0
A29: 22 | D29: off | E29: off | F29: off | K29: off | L29: off | M29: off | N29: off | R29: off | S29: off | T29: off | Y29: off | Z29: off | AA29: off | AB29: off | AF29: 22 | AG29: =ALERTS!E43 -> 0
A30: Pitch | B30: Fri | C30: Sat | D30: Sun | E30: Mon | F30: Tue | G30: Wed | H30: Thu | I30: Fri | J30: Sat | K30: Sun | L30: Mon | M30: Tue | N30: Wed | O30: Thu | P30: Fri | Q30: Sat | R30: Sun | S30: Mon | T30: Tue | U30: Wed | V30: Thu | W30: Fri | X30: Sat | Y30: Sun | Z30: Mon | AA30: Tue | AB30: Wed | AC30: Thur | AD30: Fri | AE30: Sat | AF30: Pitch
A31: No. | B31: 1 | C31: 2 | D31: 3 | E31: 4 | F31: 5 | G31: 6 | H31: 7 | I31: 8 | J31: 9 | K31: 10 | L31: 11 | M31: 12 | N31: 13 | O31: 14 | P31: 15 | Q31: 16 | R31: 17 | S31: 18 | T31: 19 | U31: 20 | V31: 21 | W31: 22 | X31: 23 | Y31: 24 | Z31: 25 | AA31: 26 | AB31: 27 | AC31: 28 | AD31: 29 | AE31: 30 | AF31: No.
A32: 23 | AF32: 23
A33: 23a | AF33: 23a | AG33: TODAY IS
A34: 24 | AF34: 24 | AG34: =TODAY() -> 42833
A35: 25 | AF35: 25
A36: 26 | AF36: 26
A37: 27 | AF37: 27
A38: 28 | B38: off | C38: off | G38: off | H38: off | I38: off | J38: off | O38: off | P38: off | Q38: off | U38: off | V38: off | W38: off | X38: off | AC38: off | AD38: off | AE38: off | AF38: 28
A39: 29 | AF39: 29 | AG39: NO DOGS
A40: 30 | AF40: 30 | AG40: NO DOGS
A41: 31 | AF41: 31 | AG41: NO DOGS
A42: 32 | AF42: 32 | AG42: NO DOGS
A43: 33 | AF43: 33 | AG43: NO DOGS
A44: 34 | I44: Stoker - Brian & Jenny | AF44: 34 | AG44: NO DOGS
A45: 35 | AF45: 35
A46: 36 | AF46: 36
A47: 37 | AF47: 37
A48: 38 | AF48: 38
A49: 39 | AF49: 39
A50: 40 | AF50: 40
A51: 41 | AF51: 41
A52: Late arrival bay | AF52: Late arrival bay
A53: Pitch | B53: Fri | C53: Sat | D53: Sun | E53: Mon | F53: Tue | G53: Wed | H53: Thu | I53: Fri | J53: Sat | K53: Sun | L53: Mon | M53: Tue | N53: Wed | O53: Thu | P53: Fri | Q53: Sat | R53: Sun | S53: Mon | T53: Tue | U53: Wed | V53: Thu | W53: Fri | X53: Sat | Y53: Sun | Z53: Mon | AA53: Tue | AB53: Wed | AC53: Thur | AD53: Fri | AE53: Sat | AF53: Pitch
A54: No. | B54: 1 | C54: 2 | D54: 3 | E54: 4 | F54: 5 | G54: 6 | H54: 7 | I54: 8 | J54: 9 | K54: 10 | L54: 11 | M54: 12 | N54: 13 | O54: 14 | P54: 15 | Q54: 16 | R54: 17 | S54: 18 | T54: 19 | U54: 20 | V54: 21 | W54: 22 | X54: 23 | Y54: 24 | Z54: 25 | AA54: 26 | AB54: 27 | AC54: 28 | AD54: 29 | AE54: 30 | AF54: No.
A55: Paddock | AF55: Paddock
AF56: Camping with electric
A57: 7a | AF57: 7a
A58: 8a | AF58: 8a
A59: 9a | AF59: 9a
A60: 10a | AF60: 10a
A61: 11a | AF61: 11a
A62: 12a | AF62: 12a
A63: 13a | AF63: 13a
A64: 14a | AF64: 14a
A66: N | AF66: N
A67: O | AF67: O
A68: N | AF68: N
A70: E | AF70: E
... A77: C | AF77: C
A78: Camping with electric
A79: Behind Barn | AF79: Camping with electric
A80: 2b | AF80: 2b
A81: 3b | AF81: 3b
A82: 4b | AF82: 4b
A83: 5b | AF83: 5b
A84: 6b | N84: Wilson | AF84: 6b
A85: 7b NO LX | AF85: 7b
A87: Pitch | B87: Fri | C87: Sat | D87: Sun | E87: Mon | F87: Tue | G87: Wed | H87: Thu | I87: Fri | J87: Sat | K87: Sun | L87: Mon | M87: Tue | N87: Wed | O87: Thu | P87: Fri | Q87: Sat | R87: Sun | S87: Mon | T87: Tue | U87: Wed | V87: Thu | W87: Fri | X87: Sat | Y87: Sun | Z87: Mon | AA87: Tue | AB87: Wed | AC87: Thur | AD87: Fri | AE87: Sat | AF87: Pitch
A88: No. | B88: 1 | C88: 2 | D88: 3 | E88: 4 | F88: 5 | G88: 6 | H88: 7 | I88: 8 | J88: 9 | K88: 10 | L88: 11 | M88: 12 | N88: 13 | O88: 14 | P88: 15 | Q88: 16 | R88: 17 | S88: 18 | T88: 19 | U88: 20 | V88: 21 | W88: 22 | X88: 23 | Y88: 24 | Z88: 25 | AA88: 26 | AB88: 27 | AC88: 28 | AD88: 29 | AE88: 30 | AF88: No.
A90: 42 | AF90: =A90 -> 42
A91: 43 | AF91: =A91 -> 43
A92: 44 | AF92: =A92 -> 44
A93: 45 | AF93: =A93 -> 45
A94: 46 | AF94: =A94 -> 46
A95: 47 | AF95: =A95 -> 47
A96: 48 | AF96: =A96 -> 48
A97: 49 | AF97: =A97 -> 49
A98: 50 | AF98: =A98 -> 50
A99: 51 | AF99: =A99 -> 51
A100: 52 | AF100: =A100 -> 52
A101: 53 | AF101: =A101 -> 53
... A106: 58 | AF106: =A106 -> 58

Sheet Oct 2017
A1: BACK-UP RECORD HERE | AH1: INDEX - Colour code
H2: OFF PEAK | N2: Podge | R2: OFF PEAK | AC2: fireworks
A3: Pitch | B3: Sun | C3: Mon | D3: Tue | E3: Wed | F3: Thu | G3: Fri | H3: Sat | I3: Sun | J3: Mon | K3: Tue | L3: Wed | M3: Thu | N3: Fri | O3: Sat | P3: Sun | Q3: Mon | R3: Tue | S3: Wed | T3: Thu | U3: Fri | V3: Sat | W3: Sun | X3: Mon | Y3: Tue | Z3: Wed | AA3: Thu | AB3: Fri | AC3: Sat | AD3: Sun | AE3: Mon | AF3: Tues | AG3: Pitch | AH3: Caravan
A4: No. | B4: 1 | C4: 2 | D4: 3 | E4: 4 | F4: 5 | G4: 6 | H4: 7 | I4: 8 | J4: 9 | K4: 10 | L4: 11 | M4: 12 | N4: 13 | O4: 14 | P4: 15 | Q4: 16 | R4: 17 | S4: 18 | T4: 19 | U4: 20 | V4: 21 | W4: 22 | X4: 23 | Y4: 24 | Z4: 25 | AA4: 26 | AB4: 27 | AC4: 28 | AD4: 29 | AE4: 30 | AF4: 31 | AG4: No. | AH4: Motorhome
A5: 1 | AG5: 1 | AH5: Camper van
A6: 2 | AG6: 2 | AH6: RV
A7: 3 | AG7: 3
A8: 4 | AG8: 4 | AH8: Tent
A9: 5 | AG9: 5 | AH9: Trailer tent
A10: 6 | AG10: 6
A11: 7 | AG11: 7 | AH11: Extend stay not pd
A12: 8 | E12: Brown | AG12: 8
A13: 9 | AG13: 9 | AH13: Not here
A14: 10 | AG14: 10 | AH14: Seasonal pitch
A15: 11 | AG15: 11 | AH15: late stay
A16: 12 | AG16: 12 | AH16: Hard Standing
A17: 13 | AG17: 13
A18: 14 | AG18: 14
A19: 15 | AG19: 15 | AH19: Not in use
A20: 16 | AG20: 16
A21: 16a | AG21: 16a | AH21: Bank holiday
A22: 17 | AG22: 17 | AH22: Peak
A23: 17a | AG23: 17a | AH23: Off Peak
A24: 18 | AG24: 18 | AH24: Cancelled
A25: 18a | AG25: 18a | AH25: Non arrival
A26: 19 | AG26: 19
A27: 20 | AG27: 20 | AH27: =ALERTS!E45 -> 0
A28: 21 | AG28: 21 | AH28: =ALERTS!E46 -> 0
A29: 22 | AG29: 22 | AH29: =ALERTS!E47 -> 0
A30: Pitch | B30: Sun | C30: Mon | D30: Tue | E30: Wed | F30: Thu | G30: Fri | H30: Sat | I30: Sun | J30: Mon | K30: Tue | L30: Wed | M30: Thu | N30: Fri | O30: Sat | P30: Sun | Q30: Mon | R30: Tue | S30: Wed | T30: Thu | U30: Fri | V30: Sat | W30: Sun | X30: Mon | Y30: Tue | Z30: Wed | AA30: Thu | AB30: Fri | AC30: Sat | AD30: Sun | AE30: Mon | AF30: Tues | AG30: Pitch
A31: No. | B31: 1 | C31: 2 | D31: 3 | E31: 4 | F31: 5 | G31: 6 | H31: 7 | I31: 8 | J31: 9 | K31: 10 | L31: 11 | M31: 12 | N31: 13 | O31: 14 | P31: 15 | Q31: 16 | R31: 17 | S31: 18 | T31: 19 | U31: 20 | V31: 21 | W31: 22 | X31: 23 | Y31: 24 | Z31: 25 | AA31: 26 | AB31: 27 | AC31: 28 | AD31: 29 | AE31: 30 | AF31: 31 | AG31: No.
A32: 23 | AG32: 23
A33: 23a | AG33: 23a
A34: 24 | AG34: 24 | AH34: TODAY IS
A35: 25 | AG35: 25 | AH35: =TODAY() -> 42833
A36: 26 | AG36: 26
A37: 27 | AG37: 27
A38: 28 | AG38: 28
A39: 29 | AG39: 29 | AH39: NO DOGS
A40: 30 | AG40: 30 | AH40: NO DOGS
A41: 31 | AG41: 31 | AH41: NO DOGS
A42: 32 | AG42: 32 | AH42: NO DOGS
A43: 33 | AG43: 33 | AH43: NO DOGS
A44: 34 | AB44: Stoker - Brian & Jenny | AG44: 34 | AH44: NO DOGS
A45: 35 | AG45: 35
A46: 36 | AG46: 36
A47: 37 | AG47: 37
A48: 38 | AG48: 38
A49: 39 | AG49: 39
A50: 40 | AG50: 40
A51: 41 | AG51: 41
A52: Late arrival bay | U52: Bills | AG52: Late arrival bay
A53: Pitch | B53: =B30 -> Sun | C53: =C30 -> Mon | D53: =D30 -> Tue | E53: =E30 -> Wed | F53: =F30 -> Thu | G53: =G30 -> Fri | H53: =H30 -> Sat | I53: =I30 -> Sun | ... AF53: =AF30 -> Tues | AG53: Pitch
A54: No. | B54: 1 | C54: 2 | D54: 3 | E54: 4 | F54: 5 | G54: 6 | H54: 7 | I54: 8 | J54: 9 | K54: 10 | L54: 11 | M54: 12 | N54: 13 | O54: 14 | P54: 15 | Q54: 16 | R54: 17 | S54: 18 | T54: 19 | U54: 20 | V54: 21 | W54: 22 | X54: 23 | Y54: 24 | Z54: 25 | AA54: 26 | AB54: 27 | AC54: 28 | AD54: 29 | AE54: 30 | AF54: 31 | AG54: No.
A55: Paddock | AG55: Paddock
A57: 7a | AG57: 7a
A58: 8a | AG58: 8a
A59: 9a | AG59: 9a
A60: 10a | AG60: 10a
A61: 11a | AG61: 11a
A62: 12a | AG62: 12a
A63: 13a | AG63: 13a
A64: 14a | AG64: 14a
A66: N | AG66: N
A67: O | AG67: O
A68: N | AG68: N
... A77: C | AG77: C
A79: Behind Barn
A80: 2b | AG80: 2b
A81: 3b | AG81: 3b
A82: 4b | AG82: 4b
A83: 5b | AG83: 5b
A84: 6b | AG84: 6b
A85: 7b NO LX | AG85: 7b
A87: Pitch | B87: =B53 -> Sun | C87: =C53 -> Mon | D87: =D53 -> Tue | E87: =E53 -> Wed | F87: =F53 -> Thu | G87: =G53 -> Fri | H87: =H53 -> Sat | I87: =I53 -> Sun | ... AF87: =AF53 -> Tues | AG87: Pitch
A88: No. | B88: 1 | C88: 2 | D88: 3 | E88: 4 | F88: 5 | G88: 6 | H88: 7 | I88: 8 | J88: 9 | K88: 10 | L88: 11 | M88: 12 | N88: 13 | O88: 14 | P88: 15 | Q88: 16 | R88: 17 | S88: 18 | T88: 19 | U88: 20 | V88: 21 | W88: 22 | X88: 23 | Y88: 24 | Z88: 25 | AA88: 26 | AB88: 27 | AC88: 28 | AD88: 29 | AE88: 30 | AF88: 31 | AG88: No.
A90: 42 | AG90: =A90 -> 42
A91: 43 | AG91: =A91 -> 43
A92: 44 | AG92: =A92 -> 44
A93: 45 | AG93: =A93 -> 45
A94: 46 | AG94: =A94 -> 46
A95: 47 | AG95: =A95 -> 47
A96: 48 | AG96: =A96 -> 48
A97: 49 | AG97: =A97 -> 49
A98: 50 | AG98: =A98 -> 50
A99: 51 | AG99: =A99 -> 51
A100: 52 | AG100: =A100 -> 52
A101: 53 | AG101: =A101 -> 53
... A106: 58 | AG106: =A106 -> 58

Sheet Nov 2017
A1: BACK-UP RECORD HERE | AG1: INDEX - Colour code
I2: OFF PEAK | K2: Ryan | R2: OFF PEAK | Z2: OFF PEAK
A3: Pitch | B3: Wed | C3: Thu | D3: Fri | E3: Sat | F3: Sun | G3: Mon | H3: Tue | I3: Wed | J3: Thu | K3: Fri | L3: Sat | M3: Sun | N3: Mon | O3: Tue | P3: Wed | Q3: Thu | R3: Fri | S3: Sat | T3: Sun | U3: Mon | V3: Tue | W3: Wed | X3: Thu | Y3: Fri | Z3: Sat | AA3: Sun | AB3: Mon | AC3: Tues | AD3: Wed | AE3: Thur | AF3: Pitch | AG3: Caravan
A4: No. | B4: 1 | C4: 2 | D4: 3 | E4: 4 | F4: 5 | G4: 6 | H4: 7 | I4: 8 | J4: 9 | K4: 10 | L4: 11 | M4: 12 | N4: 13 | O4: 14 | P4: 15 | Q4: 16 | R4: 17 | S4: 18 | T4: 19 | U4: 20 | V4: 21 | W4: 22 | X4: 23 | Y4: 24 | Z4: 25 | AA4: 26 | AB4: 27 | AC4: 28 | AD4: 29 | AE4: 30 | AF4: No. | AG4: Motorhome
A5: 1 | AF5: 1 | AG5: Camper van
A6: 2 | AF6: 2 | AG6: RV
A7: 3 | AF7: 3
A8: 4 | AF8: 4 | AG8: Tent
A9: 5 | AF9: 5 | AG9: Trailer tent
A10: 6 | AF10: 6
A11: 7 | AF11: 7 | AG11: Extend stay not pd
A12: 8 | AF12: 8
A13: 9 | AF13: 9 | AG13: Not here
A14: 10 | AF14: 10 | AG14: Seasonal pitch
A15: 11 | AF15: 11 | AG15: late stay
A16: 12 | AF16: 12 | AG16: Hard Standing
A17: 13 | AF17: 13
A18: 14 | AF18: 14
A19: 15 | AF19: 15 | AG19: Not in use
A20: 16 | AF20: 16
A21: 16a | AF21: 16a | AG21: Bank holiday
A22: 17 | AF22: 17 | AG22: Peak
A23: 17a | AF23: 17a | AG23: Off Peak
A24: 18 | AF24: 18 | AG24: Cancelled
A25: 18a | AF25: 18a | AG25: Non arrival
A26: 19 | AF26: 19
A27: 20 | X27: Ward | AF27: 20 | AG27: =ALERTS!E48 -> 0
A28: 21 | AF28: 21 | AG28: =ALERTS!E49 -> 0
A29: 22 | AF29: 22 | AG29: =ALERTS!E50 -> 0
A30: Pitch | B30: Wed | C30: Thu | D30: Fri | E30: Sat | F30: Sun | G30: Mon | H30: Tue | I30: Wed | J30: Thu | K30: Fri | L30: Sat | M30: Sun | N30: Mon | O30: Tue | P30: Wed | Q30: Thu | R30: Fri | S30: Sat | T30: Sun | U30: Mon | V30: Tue | W30: Wed | X30: Thu | Y30: Fri | Z30: Sat | AA30: Sun | AB30: Mon | AC30: Tues | AD30: Wed | AE30: Thur | AF30: Pitch
A31: No. | B31: 1 | C31: 2 | D31: 3 | E31: 4 | F31: 5 | G31: 6 | H31: 7 | I31: 8 | J31: 9 | K31: 10 | L31: 11 | M31: 12 | N31: 13 | O31: 14 | P31: 15 | Q31: 16 | R31: 17 | S31: 18 | T31: 19 | U31: 20 | V31: 21 | W31: 22 | X31: 23 | Y31: 24 | Z31: 25 | AA31: 26 | AB31: 27 | AC31: 28 | AD31: 29 | AE31: 30 | AF31: No.
A32: 23 | AF32: 23
A33: 23a | AF33: 23a | AG33: TODAY IS
A34: 24 | AF34: 24 | AG34: =TODAY() -> 42833
A35: 25 | AF35: 25
A36: 26 | AF36: 26
A37: 27 | AF37: 27
A38: 28 | AF38: 28
A39: 29 | AF39: 29 | AG39: NO DOGS
A40: 30 | AF40: 30 | AG40: NO DOGS
A41: 31 | AF41: 31 | AG41: NO DOGS
A42: 32 | AF42: 32 | AG42: NO DOGS
A43: 33 | AF43: 33 | AG43: NO DOGS
A44: 34 | AF44: 34 | AG44: NO DOGS
A45: 35 | AF45: 35
A46: 36 | AF46: 36
A47: 37 | AF47: 37
A48: 38 | AF48: 38
A49: 39 | AF49: 39
A50: 40 | AF50: 40
A51: 41 | AF51: 41
A52: Late arrival bay
A53: Pitch | B53: =B30 -> Wed | C53: =C30 -> Thu | D53: =D30 -> Fri | E53: =E30 -> Sat | F53: =F30 -> Sun | G53: =G30 -> Mon | H53: =H30 -> Tue | I53: =I30 -> Wed | ... AE53: =AE30 -> Thur | AF53: Pitch
A54: No. | B54: 1 | C54: 2 | D54: 3 | E54: 4 | F54: 5 | G54: 6 | H54: 7 | I54: 8 | J54: 9 | K54: 10 | L54: 11 | M54: 12 | N54: 13 | O54: 14 | P54: 15 | Q54: 16 | R54: 17 | S54: 18 | T54: 19 | U54: 20 | V54: 21 | W54: 22 | X54: 23 | Y54: 24 | Z54: 25 | AA54: 26 | AB54: 27 | AC54: 28 | AD54: 29 | AE54: 30 | AF54: No.
A55: Paddock | AF55: Paddock
A57: 7a | AF57: 7a
A58: 8a | AF58: 8a
A59: 9a | AF59: 9a
A60: 10a | AF60: 10a
A61: 11a | AF61: 11a
A62: 12a | AF62: 12a
A63: 13a | AF63: 13a
A64: 14a | AF64: 14a
A66: N | AF66: N
A67: O | AF67: O
A68: N | AF68: N
... A77: C | AF77: C
A79: Behind Barn
A80: 2b | AF80: 2b
A81: 3b | AF81: 3b
A82: 4b | AF82: 4b
A83: 5b | AF83: 5b
A84: 6b | AF84: 6b
A85: 7b NO LX | AF85: 7b
A87: Pitch | B87: =B53 -> Wed | C87: =C53 -> Thu | D87: =D53 -> Fri | E87: =E53 -> Sat | F87: =F53 -> Sun | G87: =G53 -> Mon | H87: =H53 -> Tue | I87: =I53 -> Wed | ... AE87: =AE53 -> Thur | AF87: Pitch
A88: No. | B88: 1 | C88: 2 | D88: 3 | E88: 4 | F88: 5 | G88: 6 | H88: 7 | I88: 8 | J88: 9 | K88: 10 | L88: 11 | M88: 12 | N88: 13 | O88: 14 | P88: 15 | Q88: 16 | R88: 17 | S88: 18 | T88: 19 | U88: 20 | V88: 21 | W88: 22 | X88: 23 | Y88: 24 | Z88: 25 | AA88: 26 | AB88: 27 | AC88: 28 | AD88: 29 | AE88: 30 | AF88: No.
A90: 42 | AF90: =A90 -> 42
A91: 43 | AF91: =A91 -> 43
A92: 44 | AF92: =A92 -> 44
A93: 45 | AF93: =A93 -> 45
A94: 46 | AF94: =A94 -> 46
A95: 47 | AF95: =A95 -> 47
A96: 48 | AF96: =A96 -> 48
A97: 49 | AF97: =A97 -> 49
A98: 50 | AF98: =A98 -> 50
A99: 51 | AF99: =A99 -> 51
A100: 52 | AF100: =A100 -> 52
A101: 53 | AF101: =A101 -> 53
... A106: 58 | AF106: =A106 -> 58

Sheet Dec 2017
A1: BACK-UP RECORD HERE | AH1: INDEX - Colour code
I2: OFF PEAK | R2: OFF PEAK | Y2: P E A K | AD2: P E A K
A3: Pitch | B3: Fri | C3: Sat | D3: Sun | E3: Mon | F3: Tue | G3: Wed | H3: Thu | I3: Fri | J3: Sat | K3: Sun | L3: Mon | M3: Tue | N3: Wed | O3: Thu | P3: Fri | Q3: Sat | R3: Sun | S3: Mon | T3: Tue | U3: Wed | V3: Thu | W3: Fri | X3: Sat | Y3: Sun | Z3: Mon | AA3: Tue | AB3: Wed | AC3: Thur | AD3: Fri | AE3: Sat | AF3: Sun | AG3: Pitch | AH3: Caravan
A4: No. | B4: 1 | C4: 2 | D4: 3 | E4: 4 | F4: 5 | G4: 6 | H4: 7 | I4: 8 | J4: 9 | K4: 10 | L4: 11 | M4: 12 | N4: 13 | O4: 14 | P4: 15 | Q4: 16 | R4: 17 | S4: 18 | T4: 19 | U4: 20 | V4: 21 | W4: 22 | X4: 23 | Y4: 24 | Z4: 25 | AA4: 26 | AB4: 27 | AC4: 28 | AD4: 29 | AE4: 30 | AF4: 31 | AG4: No. | AH4: Motorhome
A5: 1 | AG5: 1 | AH5: Camper van
A6: 2 | AG6: 2 | AH6: RV
A7: 3 | AG7: 3
A8: 4 | AG8: 4 | AH8: Tent
A9: 5 | L9: Reeves (to be transferred to March 2018 as soon as booking sheet for next year is available) | AG9: 5 | AH9: Trailer tent
A10: 6 | AG10: 6
A11: 7 | AG11: 7 | AH11: Extend stay not pd
A12: 8 | AG12: 8
A13: 9 | AG13: 9 | AH13: Not here
A14: 10 | AG14: 10 | AH14: Seasonal pitch
A15: 11 | AG15: 11 | AH15: late stay
A16: 12 | AG16: 12 | AH16: Hard Standing
A17: 13 | AG17: 13
A18: 14 | AG18: 14
A19: 15 | AG19: 15 | AH19: Not in use
A20: 16 | AG20: 16
A21: 16a | AG21: 16a | AH21: Bank holiday
A22: 17 | AG22: 17 | AH22: Peak
A23: 17a | AG23: 17a | AH23: Off Peak
A24: 18 | AG24: 18 | AH24: Cancelled
A25: 18a | AG25: 18a | AH25: Non arrival
A26: 19 | AG26: 19
A27: 20 | AG27: 20 | AH27: =ALERTS!E51 -> 0
A28: 21 | Q28: Sharp | AG28: 21 | AH28: =ALERTS!E52 -> 0
A29: 22 | AG29: 22 | AH29: =ALERTS!E53 -> 0
A30: Pitch | B30: Fri | C30: Sat | D30: Sun | E30: Mon | F30: Tue | G30: Wed | H30: Thu | I30: Fri | J30: Sat | K30: Sun | L30: Mon | M30: Tue | N30: Wed | O30: Thu | P30: Fri | Q30: Sat | R30: Sun | S30: Mon | T30: Tue | U30: Wed | V30: Thu | W30: Fri | X30: Sat | Y30: Sun | Z30: Mon | AA30: Tue | AB30: Wed | AC30: Thur | AD30: Fri | AE30: Sat | AF30: Sun | AG30: Pitch
A31: No. | B31: 1 | C31: 2 | D31: 3 | E31: 4 | F31: 5 | G31: 6 | H31: 7 | I31: 8 | J31: 9 | K31: 10 | L31: 11 | M31: 12 | N31: 13 | O31: 14 | P31: 15 | Q31: 16 | R31: 17 | S31: 18 | T31: 19 | U31: 20 | V31: 21 | W31: 22 | X31: 23 | Y31: 24 | Z31: 25 | AA31: 26 | AB31: 27 | AC31: 28 | AD31: 29 | AE31: 30 | AF31: 31 | AG31: No.
A32: 23 | AG32: 23
A33: 23a | AG33: 23a
A34: 24 | AG34: 24 | AH34: TODAY IS
A35: 25 | AG35: 25 | AH35: =TODAY() -> 42833
A36: 26 | AG36: 26
A37: 27 | AG37: 27
A38: 28 | AG38: 28
A39: 29 | AG39: 29 | AH39: NO DOGS
A40: 30 | AG40: 30 | AH40: NO DOGS
A41: 31 | AG41: 31 | AH41: NO DOGS
A42: 32 | AG42: 32 | AH42: NO DOGS
A43: 33 | AG43: 33 | AH43: NO DOGS
A44: 34 | AG44: 34 | AH44: NO DOGS
A45: 35 | AG45: 35
A46: 36 | AG46: 36
A47: 37 | AG47: 37
A48: 38 | AG48: 38
A49: 39 | AG49: 39
A50: 40 | AG50: 40
A51: 41 | AG51: 41
A52: Late arrival bay
A53: Pitch | B53: =B30 -> Fri | C53: =C30 -> Sat | D53: =D30 -> Sun | E53: =E30 -> Mon | F53: =F30 -> Tue | G53: =G30 -> Wed | H53: =H30 -> Thu | I53: =I30 -> Fri | ... AF53: =AF30 -> Sun | AG53: Pitch
A54: No. | B54: 1 | C54: 2 | D54: 3 | E54: 4 | F54: 5 | G54: 6 | H54: 7 | I54: 8 | J54: 9 | K54: 10 | L54: 11 | M54: 12 | N54: 13 | O54: 14 | P54: 15 | Q54: 16 | R54: 17 | S54: 18 | T54: 19 | U54: 20 | V54: 21 | W54: 22 | X54: 23 | Y54: 24 | Z54: 25 | AA54: 26 | AB54: 27 | AC54: 28 | AD54: 29 | AE54: 30 | AF54: 31 | AG54: No.
A55: Paddock | AG55: Paddock
A57: 7a | AG57: 7a
A58: 8a | AG58: 8a
A59: 9a | AG59: 9a
A60: 10a | AG60: 10a
A61: 11a | AG61: 11a
A62: 12a | AG62: 12a
A63: 13a | AG63: 13a
A64: 14a | AG64: 14a
A66: N | AG66: N
A67: O | AG67: O
A68: N | AG68: N
... A77: C | AG77: C
A79: Behind Barn
A80: 2b | AG80: 2b
A81: 3b | AG81: 3b
A82: 4b | AG82: 4b
A83: 5b | AG83: 5b
A84: 6b | AG84: 6b
A85: 7b NO LX | AG85: 7b
N86: CAMPING FIELD
A87: Pitch | B87: =B53 -> Fri | C87: =C53 -> Sat | D87: =D53 -> Sun | E87: =E53 -> Mon | F87: =F53 -> Tue | G87: =G53 -> Wed | H87: =H53 -> Thu | I87: =I53 -> Fri | ... AF87: =AF53 -> Sun | AG87: Pitch
A88: No. | B88: 1 | C88: 2 | D88: 3 | E88: 4 | F88: 5 | G88: 6 | H88: 7 | I88: 8 | J88: 9 | K88: 10 | L88: 11 | M88: 12 | N88: 13 | O88: 14 | P88: 15 | Q88: 16 | R88: 17 | S88: 18 | T88: 19 | U88: 20 | V88: 21 | W88: 22 | X88: 23 | Y88: 24 | Z88: 25 | AA88: 26 | AB88: 27 | AC88: 28 | AD88: 29 | AE88: 30 | AF88: 31 | AG88: No.
A90: 42 | AG90: =A90 -> 42
A91: 43 | AG91: =A91 -> 43
A92: 44 | AG92: =A92 -> 44
A93: 45 | AG93: =A93 -> 45
A94: 46 | AG94: =A94 -> 46
A95: 47 | AG95: =A95 -> 47
A96: 48 | AG96: =A96 -> 48
A97: 49 | AG97: =A97 -> 49
A98: 50 | AG98: =A98 -> 50
A99: 51 | AG99: =A99 -> 51
A100: 52 | AG100: =A100 -> 52
A101: 53 | AG101: =A101 -> 53
... A106: 58 | AG106: =A106 -> 58

Sheet Ferry
A1: Adams | E1: back May 16
A2: Anderson | E2: 42186 | H2: POST CODE
A3: Anderson | E3: back Feb 16
A4: Andrews | C4: 01736 710 855
A5: Arcangelo
A6: Atkinson
A7: Bailey | E7: 42036
A8: Baker | E8: 42036
A9: Ball
A10: Barker | E10: 42461
A11: Barlow | E11: back Nov 16
A12: Barnes
A13: Barr | E13: 42552
A14: Barrow | E14: 42675
A15: Batman | E15: 42217
A16: Bentley | E16: 42156
A17: Bentley | E17: 42339
A18: Berry | E18: 42125
A19: Best | E19: 42552
A20: Beven | E20: 42186
A21: Blunt
A22: Bowyer | E22: back June 16 | H22: WR6 6AR
A23: Bradbury | E23: 42370
A24: Braybrook | E24: 42401
A25: Breton | E25: 42552
A26: Brieton | E26: 42552
A27: Brown Eira | E27: 42217
A28: Buckley | H28: NR14 7EU
A29: Burrell | E29: 42767
A30: Burton | E30: 42156
A31: Bussell | E31: 42522
A32: Byiers | E32: 42278
A33: Cairnie | E33: back June 16
A34: Cameron | E34: 42156
A35: Capewell | E35: 42217
A36: Carroll | E36: 42552
A37: Cass
A38: Cawood | E38: 42552 | F38: IOW
A39: Chadwick | E39: 42370
A40: Chadwick | E40: 42370
A41: Chapman | E41: 42005
A42: Childs | E42: back off ferry MaRCH 17
A43: Clark | E43: 42705
A44: Clay | E44: 42491
A45: Clifton | E45: 42309
A46: Cook | B46: 079 79 5602 378 | C46: 0150 853 8626 | D46: 41952 | E46: M/H being shipped to New Zealand for there holiday - wife from NZ
A47: Cooper | E47: 42430
A48: Copley | E48: 42036
A49: Corning | E49: 42036
A50: Cottam | B50: ACSI | E50: Feb & March 16
A51: Cracknell | E51: 42156 | G51: Post code HU12 9NS
A52: cracknell/ Joyson | E52: 42156
A53: Craft | E53: 42522
A54: Crago | E54: 42736
A55: Craig
A56: Crossen | E56: 42036
A57: Culley | E57: 42795
A58: Cullimore | E58: 42186
A59: Cuttell | E59: 42767
A60: Danton | E60: 42767
A61: Daruvalla | E61: Back Jan 16
A62: Datson | E62: 42522
A63: Davies | E63: 42370
A64: Debona | E64: 42491
A65: Dent | E65: back Jan 16
A66: Dicknell | E66: 42736
A67: Dolagha
A68: Dolman | E68: 42491
A69: Doug | E69: 42552
A70: Dow
A71: Duguid | E71: 42795
A72: Edmondson | E72: Nov 14 back in Nov15
A73: Edwards | E73: 42401
A74: Edwards
A75: Ellis | E75: 42795
A76: Elliss | E76: 42522
A77: Esteves | E77: 42186
A78: Evans | E78: back march 17
A79: Everett | E79: 42826
A80: Farthing | E80: 42036
A81: Farthing | E81: Back Jan 16
A82: Farthing | E82: back Jan 16
A83: Featherstone | E83: 42736
A84: Fennell | E84: Jan 17 came back
A85: Ferguson | E85: 42522 | H85: LE7 7RL
A86: Fern | E86: 42156
A87: Fickling | E87: 42186
A88: Fisher | E88: 42491
A89: Fitzgerald | E89: 42401
A90: Fitzpatrick | E90: 42430
A91: Flann | E91: From Scotland
A92: Fletcher | E92: stayed 2016 oct
A93: Foster
A94: Foster | E94: 42552
A95: foster/Golding | E95: 42552
A96: French | E96: 42552
A97: Gardener | E97: Jan 17 back March 17
A98: Gilbert | E98: back sep 16
A99: Gilman | E99: 42644 | F99: from Gurnsey
A100: Gladwin | E100: stayed 2015 back 2016
...

Sheet NOISY
A1: NAME | B1: MOBILE | C1: COMMENT
A2: Oswald | B2: 07966 516 804 | C2: They know people in Thornhill (Ayres) who stayed with them see note, if Oswald back then NO visitors
A3: Ayres | B3: 07959-750056 | C3: It appears that Ayres was the problem or at least someone with them?

Sheet Data Base
A1: Adams | C1: 01481 253029 | D1: stayed b4 - from Gurnsey came back oct 13
A2: Adams
A3: Alan Worthington | D3: Linda Birchwood recommended - owner of caravan park Wareham, stayed whilst working on a boat in Hamble
A4: Allen | D4: back March 17
A5: Andy Cole | B5: 0795 111 8928 | D5: andycole15@talktalk.net | F5: TW2 5GH
A6: Armstrong | D6: back march 17
A7: Ayres - James | D7: Stayed few times 2013 live in France back 22 April 14
A8: Baker | B8: 07850 214 846
A9: Balmer | D9: back on Mondays for 2 or 3 nights | G9: 935 | H9: TR12 6BZ
A10: Balmer Tony | B10: <avbjersey@gmail.com> | C10: Reg: GU02 ESG | D10: stayed 3 times Sep 16 back oct & Nov | G10: 935 | H10: post code TR12 6DZ No number name
A11: Barber Mrs | B11: 07883 149 881
A12: Barker | B12: 07729 733 899 | C12: 01792 404713 | D12: Back in Oct 13
A13: Barnes
A14: Barry | D14: stayed Jan 2016 came off ferry - wardens in 2015 at Wareham owners Sarah & Tony - going to Wales now
A15: Bartlett - Michael | B15: 07918 185 240
A16: Bassett - AD91 EZ Jane & Chris | B16: 0784 0244617
A17: Bateson | D17: Every year stay in Oct - plumb in to water
A18: Bayliss | C18: Sec 071 | D18: caravan mess, 3 cats mess in awning | G18: address: 92 Magellan House, Armouries Way, Leeds LS10 1JG
A19: Beamont - Thelma & John | B19: 0770 246 9016 | C19: 01524 770448 | D19: 2 |+ dog + car 23' M/H - family near by | G19: Doctor | M19: back July 16
A20: Bee | C20: 077 115 127 90 | D20: stayed twice in Nov 15
A21: Beer | D21: rock up for 7n March 17 - near disabled
A22: Bellinger | C22: 01865 727744 | D22: from Oxford - stayed Nov 13 said will be back loved it
A23: Bickerton | B23: 01270 569513 | C23: always Plot 7 | D23: back in July 14 - Stella gave £25 discount as booked for 12 nights | I23: Back again for 13n July 15
A24: Birch (Leah) owe for ex adults | D24: Own Park Homes - developing Riverside July 16
A25: Bissell - David | B25: 0753 4734607 | C25: plot 5 | D25: back sep 2016 grandaughters birthday
A26: Blackburn | B26: 01235 759 491 | C26: 07711 864 304 | D26: son nearby stayed 2015 back Apr 16 for christening
A27: Blair | D27: back Jan 15 from Portsmouth
A28: Blewett | D28: back March 15
A29: Bolle cont.. | D29: Cees from Holland | F29: 43009 | H29: 845 | I29: April
A30: Bone | B30: 7920140720 | D30: 29' came 2012 for wife to have heart op in General Hos
A31: Booth | D31: Back June 17
A32: Bowles | D32: 4659 5073 5182 2044 | F32: Bailey 555 | I32: 42979
A33: Bowman | B33: 07836 259 659 | C33: 01442 265891
A34: Bowness
A35: Box | D35: Family near by stayed 2016 will be back next year in school holidays
A36: Brawn | B36: 077 390 39687 | C36: 01795 870106 | D36: 30'M/H son lives in Shotters Cl off Botley Rd
A37: Bray | B37: 0777 375 1286 | D37: stayed in 2013-back June 2014
A38: Bridgwater m- DO NOT MOVE BOOKED OCT 2014 | C38: 0115 925 4882 | D38: back 2015 & Apr 2016 & 2017 | F38: Carol & Alan | H38: PLOT 12 requested each time
A39: Broadbent - TIMBERLAND | C39: TIMBERLAND | D39: stayed oct 15 in a Timberland had it 8yrs really nice | L39: OO12 6JW
A40: Broomfield | D40: stayed Nov 16 back in Dec 2n | K40: No 4
A41: Brown - John & Sue | B41: 782 566 9238 | C41: BB4 2013 | D41: Likes to watch cruise ships sail out
A42: Brown Group - from Porsmouth they had a lovely time July they were ok no noise
A43: Bryant | D43: acsi
A44: Buckley - SEASONAL | B44: 07790 570012 | C44: 01706 656068 | D44: Vic and Jan, Daughter died in Dec 2012 he still comes down to see grandchildren
A45: Bulpitt | C45: back March 16 | D45: Tony & Moira know Ken Yeoman from Tugs
A46: Bunker | D46: back July 15
A47: Burgess | B47: 0781 455 6190 | C47: 0154 367 6558 | D47: back in 2014
A48: Burnard - Sonia | D48: Sonia very kindly offered to put review on google - if she comes back free wk-end
A49: Burrell | C49: 01726 6369 0 | D49: back in July 13 | J49: 868
A50: Burt | D50: comes every year for boat show 11n
A51: Butt - Christine | B51: 07849 228064 | D51: plot 30 looking for house in area to get Callum in school here | I51: 42217
A52: Buxton | B52: 07769 357728 | C52: 01789 450610 | D52: stayed wk only pitch left pl 23 so bit noisy as nere rd
A53: Bye | D53: stayed Dec 2015 & 2016 - xmas shopping
A54: Cadden | B54: 0797 171 2924 | D54: son at Soton Uni
A55: Cambling | D55: back in Jan 17 with Dyer
A56: Candy - Justin & Ann | B56: 07884 265 075 | C56: 01244 638552 | D56: stayed again Nov 13 - twice in sep 16 then Oct as dad had fall
A57: Carroll | D57: son just moved to Swanwick they live Kent liked site Sep 16
A58: Carruthers - Stuart | B58: 0790 999 2382 | D58: Stuart work at RYC Hamble | F58: TE36 5NU | H58: No 2
A59: Chadwick
A60: Christiano | D60: stayed |March to look at Uni - if re book check age of children as look like over 16yrs
A61: Claridge | B61: 07765 214 467 | C61: 01242 234212
A62: Clarke | B62: 07825 870 535
A63: Clarke | D63: 2 gay guys ok - Andrew mental health nurse also works with Autistic
A64: Clews | D64: :David Clews [clews@me.com] [add contact]
A65: Clifton | D65: stayed Nov 14 back May 15
A66: Coleman | D66: BB4 came back May 16 had BBQ with load of visitors did not ask or pay - actually they are ok and have family near
A67: Colin Millmam | B67: 0781 5826 152 | D67: work with John Talbot 4751 2900 8269 2880 | H67: 298
A68: Colin Millmam | C68: BF7 7SJ No.133 | D68: March 17 - 298
A69: Colin Wilson | B69: 7787 576 737 | D69: Colin goes home wk ends to Darlington
A70: Cooper | D70: 7 lads 2 cars stayed July 13 they were all ok no noise & polite
A71: Cooper | C71: 02380 457 510
A72: Corbridge - pd £50 dep - 2478 | D72: moving to France sold caravan on site now in 7m M/H
A73: Coverley
A74: Crockford | B74: 07505 354 108 | C74: back in March 17? | D74: Carers for mum. Will possibly visit every 8 weeks for their break. Lovely man with 2 small very well behaved dogs.
A75: Cummerson | B75: 7920 196 161 | D75: Mike & Amanda
A76: Dabek | B76: 0782 333 9042 | D76: 014 - No. 30
A77: Darby | C77: WX62 EEZ | D77: back Aug 16
A78: Davey | C78: 01691 774 393
A79: Davies | C79: 42736 | D79: Site wardens - Yorkshire
A80: Davies Amanda | D80: Nurse at General Temp back 9 Jan 17
A81: Davies -Dyson | D81: working at Exon Fawley
A82: Davis | D82: back April 15
A83: Dawson | D83: local couple from Bitterne
A84: Day | D84: back march 17
A85: Del Rey - Mario | B85: 34609357276 | D85: mariodelrey@hotmail.com | F85: Fairlie Yachts Ltd, Unit 4, Port Hamble, SO31 ANN
A86: Diggons | B86: 0772 405 6751 | C86: 01799 598144 | D86: son at uni stayed Oct 14
A87: Diggons | B87: 0772 405 6751 | D87: nice couple stayed Oct 14 daughter just started Soton Uni
A88: Dingle - Bruce | B88: 077 977 16137 | D88: Son at Soton Uni from Sep12 - left day early
A89: Dodd | B89: 07958 663532 | C89: german shepherd | D89: 1st time here Oct 13, wife parkinsons so near toilets - daughter Swanmore
A90: Dow
A91: Downie | B91: 07973 279 134
A92: Downy | D92: 10 June 16 -new caravan to try daughter near here
A93: Duff | B93: 07952 339 418 | D93: stayed in 2012 back 2013 loved watching the boats & ship[s | E93: would love to go out on tug
A94: Dyer | B94: 0788 9774095
A95: Earthrowl - do not move | B95: 0787 1158483 | C95: post codePE34 4NR | D95: son near stayed mar 15, 16 back march 17
A96: Edder - | B96: 07791 209 651 | D96: Eriba - nice couple daughter in Soton & one in Portmth
A97: Edmonds | C97: 01903 714 246
A98: Egleton - do not move | D98: No problem had 3 pitches, stayed June 14 will be back - had 6 magnams | L98: back march 15- pl 9
A99: Egleton/Heanue - do not move
A100: Egleton/Turner - do not move
...

Sheet ALERTS
A1: 42736 | C1: =TODAY() -> 42833 | E1: =C1-A1 -> 97 | G1: 41275 | H1: 0 | I1: =G41+1 -> 41316 | J1: =H41+1 -> 41 | K1: =I41+1 -> 41357 | L1: =J41+1 -> 82 | M1: =K41+1 -> 41398 | N1: =L41+1 -> 123 | O1: =M41+1 -> 41439 | P1: =N41+1 -> 164 | ... X1: =V41+1 -> 328
A2: TO SET AN ALERT: | G2: 41276 | H2: 1 | I2: =I1+1 -> 41317 | J2: =J1+1 -> 42 | K2: =K1+1 -> 41358 | L2: =L1+1 -> 83 | M2: =M1+1 -> 41399 | N2: =N1+1 -> 124 | O2: =O1+1 -> 41440 | P2: =P1+1 -> 165 | ... X2: =X1+1 -> 329
G3: 41277 | H3: 2 | I3: =I2+1 -> 41318 | J3: =J2+1 -> 43 | K3: =K2+1 -> 41359 | L3: =L2+1 -> 84 | M3: =M2+1 -> 41400 | N3: =N2+1 -> 125 | O3: =O2+1 -> 41441 | P3: =P2+1 -> 166 | ... X3: =X2+1 -> 330
A4: 1/. | B4: There are 3 available alerts in any one month | G4: 41278 | H4: 3 | I4: =I3+1 -> 41319 | J4: =J3+1 -> 44 | K4: =K3+1 -> 41360 | L4: =L3+1 -> 85 | M4: =M3+1 -> 41401 | N4: =N3+1 -> 126 | O4: =O3+1 -> 41442 | P4: =P3+1 -> 167 | ... X4: =X3+1 -> 331
G5: 41279 | H5: 4 | I5: =I4+1 -> 41320 | J5: =J4+1 -> 45 | K5: =K4+1 -> 41361 | L5: =L4+1 -> 86 | M5: =M4+1 -> 41402 | N5: =N4+1 -> 127 | O5: =O4+1 -> 41443 | P5: =P4+1 -> 168 | ... X5: =X4+1 -> 332
A6: 2/. | B6: In the chart below select an empty (i.e. unused) box | G6: 41280 | H6: 5 | I6: =I5+1 -> 41321 | J6: =J5+1 -> 46 | K6: =K5+1 -> 41362 | L6: =L5+1 -> 87 | M6: =M5+1 -> 41403 | N6: =N5+1 -> 128 | O6: =O5+1 -> 41444 | P6: =P5+1 -> 169 | ... X6: =X5+1 -> 333
B7: for the month when the alert should pop up and | G7: 41281 | H7: 6 | I7: =I6+1 -> 41322 | J7: =J6+1 -> 47 | K7: =K6+1 -> 41363 | L7: =L6+1 -> 88 | M7: =M6+1 -> 41404 | N7: =N6+1 -> 129 | O7: =O6+1 -> 41445 | P7: =P6+1 -> 170 | ... X7: =X6+1 -> 334
B8: type in the green box the alert that you want, for | G8: 41282 | H8: 7 | I8: =I7+1 -> 41323 | J8: =J7+1 -> 48 | K8: =K7+1 -> 41364 | L8: =L7+1 -> 89 | M8: =M7+1 -> 41405 | N8: =N7+1 -> 130 | O8: =O7+1 -> 41446 | P8: =P7+1 -> 171 | ... X8: =X7+1 -> 335
B9: example, MoT PAJERO | G9: 41283 | H9: 8 | I9: =I8+1 -> 41324 | J9: =J8+1 -> 49 | K9: =K8+1 -> 41365 | L9: =L8+1 -> 90 | M9: =M8+1 -> 41406 | N9: =N8+1 -> 131 | O9: =O8+1 -> 41447 | P9: =P8+1 -> 172 | ... X9: =X8+1 -> 336
G10: 41284 | H10: 9 | I10: =I9+1 -> 41325 | J10: =J9+1 -> 50 | K10: =K9+1 -> 41366 | L10: =L9+1 -> 91 | M10: =M9+1 -> 41407 | N10: =N9+1 -> 132 | O10: =O9+1 -> 41448 | P10: =P9+1 -> 173 | ... X10: =X9+1 -> 337
A11: 3/. | B11: From the chart opposite choose the date when you | G11: 41285 | H11: 10 | I11: =I10+1 -> 41326 | J11: =J10+1 -> 51 | K11: =K10+1 -> 41367 | L11: =L10+1 -> 92 | M11: =M10+1 -> 41408 | N11: =N10+1 -> 133 | O11: =O10+1 -> 41449 | P11: =P10+1 -> 174 | ... X11: =X10+1 -> 338
B12: want the alert to appear, and type the day number | G12: 41286 | H12: 11 | I12: =I11+1 -> 41327 | J12: =J11+1 -> 52 | K12: =K11+1 -> 41368 | L12: =L11+1 -> 93 | M12: =M11+1 -> 41409 | N12: =N11+1 -> 134 | O12: =O11+1 -> 41450 | P12: =P11+1 -> 175 | ... X12: =X11+1 -> 339
B13: in the box next to the warning. | G13: 41287 | H13: 12 | I13: =I12+1 -> 41328 | J13: =J12+1 -> 53 | K13: =K12+1 -> 41369 | L13: =L12+1 -> 94 | M13: =M12+1 -> 41410 | N13: =N12+1 -> 135 | O13: =O12+1 -> 41451 | P13: =P12+1 -> 176 | ... X13: =X12+1 -> 340
G14: 41288 | H14: 13 | I14: =I13+1 -> 41329 | J14: =J13+1 -> 54 | K14: =K13+1 -> 41370 | L14: =L13+1 -> 95 | M14: =M13+1 -> 41411 | N14: =N13+1 -> 136 | O14: =O13+1 -> 41452 | P14: =P13+1 -> 177 | ... X14: =X13+1 -> 341
A15: 4/. | B15: Wait for the alert to pop-up on the month-page ! | G15: 41289 | H15: 14 | I15: =I14+1 -> 41330 | J15: =J14+1 -> 55 | K15: =K14+1 -> 41371 | L15: =L14+1 -> 96 | M15: =M14+1 -> 41412 | N15: =N14+1 -> 137 | O15: =O14+1 -> 41453 | P15: =P14+1 -> 178 | ... X15: =X14+1 -> 342
G16: 41290 | H16: 15 | I16: =I15+1 -> 41331 | J16: =J15+1 -> 56 | K16: =K15+1 -> 41372 | L16: =L15+1 -> 97 | M16: =M15+1 -> 41413 | N16: =N15+1 -> 138 | O16: =O15+1 -> 41454 | P16: =P15+1 -> 179 | ... X16: =X15+1 -> 343
C17: ALERTS | D17: DAY No's | G17: 41291 | H17: 16 | I17: =I16+1 -> 41332 | J17: =J16+1 -> 57 | K17: =K16+1 -> 41373 | L17: =L16+1 -> 98 | M17: =M16+1 -> 41414 | N17: =N16+1 -> 139 | O17: =O16+1 -> 41455 | P17: =P16+1 -> 180 | ... X17: =X16+1 -> 344
A18: JAN | E18: =IF($C$1-$A$1>D18,C18,"") -> 0 | G18: 41292 | H18: 17 | I18: =I17+1 -> 41333 | J18: =J17+1 -> 58 | K18: =K17+1 -> 41374 | L18: =L17+1 -> 99 | M18: =M17+1 -> 41415 | N18: =N17+1 -> 140 | O18: =O17+1 -> 41456 | P18: =P17+1 -> 181 | ... X18: =X17+1 -> 345
A19: JAN | E19: =IF($C$1-$A$1>D19,C19,"") -> 0 | G19: 41293 | H19: 18 | I19: =I18+1 -> 41334 | J19: =J18+1 -> 59 | K19: =K18+1 -> 41375 | L19: =L18+1 -> 100 | M19: =M18+1 -> 41416 | N19: =N18+1 -> 141 | O19: =O18+1 -> 41457 | P19: =P18+1 -> 182 | ... X19: =X18+1 -> 346
A20: JAN | E20: =IF($C$1-$A$1>D20,C20,"") -> 0 | G20: 41294 | H20: 19 | I20: =I19+1 -> 41335 | J20: =J19+1 -> 60 | K20: =K19+1 -> 41376 | L20: =L19+1 -> 101 | M20: =M19+1 -> 41417 | N20: =N19+1 -> 142 | O20: =O19+1 -> 41458 | P20: =P19+1 -> 183 | ... X20: =X19+1 -> 347
A21: FEB | E21: =IF($C$1-$A$1>D21,C21,"") -> 0 | G21: 41295 | H21: 20 | I21: =I20+1 -> 41336 | J21: =J20+1 -> 61 | K21: =K20+1 -> 41377 | L21: =L20+1 -> 102 | M21: =M20+1 -> 41418 | N21: =N20+1 -> 143 | O21: =O20+1 -> 41459 | P21: =P20+1 -> 184 | ... X21: =X20+1 -> 348
A22: FEB | E22: =IF($C$1-$A$1>D22,C22,"") -> 0 | G22: 41296 | H22: 21 | I22: =I21+1 -> 41337 | J22: =J21+1 -> 62 | K22: =K21+1 -> 41378 | L22: =L21+1 -> 103 | M22: =M21+1 -> 41419 | N22: =N21+1 -> 144 | O22: =O21+1 -> 41460 | P22: =P21+1 -> 185 | ... X22: =X21+1 -> 349
A23: FEB | E23: =IF($C$1-$A$1>D23,C23,"") -> 0 | G23: 41297 | H23: 22 | I23: =I22+1 -> 41338 | J23: =J22+1 -> 63 | K23: =K22+1 -> 41379 | L23: =L22+1 -> 104 | M23: =M22+1 -> 41420 | N23: =N22+1 -> 145 | O23: =O22+1 -> 41461 | P23: =P22+1 -> 186 | ... X23: =X22+1 -> 350
A24: MAR | E24: =IF($C$1-$A$1>D24,C24,"") -> 0 | G24: 41298 | H24: 23 | I24: =I23+1 -> 41339 | J24: =J23+1 -> 64 | K24: =K23+1 -> 41380 | L24: =L23+1 -> 105 | M24: =M23+1 -> 41421 | N24: =N23+1 -> 146 | O24: =O23+1 -> 41462 | P24: =P23+1 -> 187 | ... X24: =X23+1 -> 351
A25: MAR | E25: =IF($C$1-$A$1>D25,C25,"") -> 0 | G25: 41299 | H25: 24 | I25: =I24+1 -> 41340 | J25: =J24+1 -> 65 | K25: =K24+1 -> 41381 | L25: =L24+1 -> 106 | M25: =M24+1 -> 41422 | N25: =N24+1 -> 147 | O25: =O24+1 -> 41463 | P25: =P24+1 -> 188 | ... X25: =X24+1 -> 352
A26: MAR | E26: =IF($C$1-$A$1>D26,C26,"") -> 0 | G26: 41300 | H26: 25 | I26: =I25+1 -> 41341 | J26: =J25+1 -> 66 | K26: =K25+1 -> 41382 | L26: =L25+1 -> 107 | M26: =M25+1 -> 41423 | N26: =N25+1 -> 148 | O26: =O25+1 -> 41464 | P26: =P25+1 -> 189 | ... X26: =X25+1 -> 353
A27: APR | E27: =IF($C$1-$A$1>D27,C27,"") -> 0 | G27: 41301 | H27: 26 | I27: =I26+1 -> 41342 | J27: =J26+1 -> 67 | K27: =K26+1 -> 41383 | L27: =L26+1 -> 108 | M27: =M26+1 -> 41424 | N27: =N26+1 -> 149 | O27: =O26+1 -> 41465 | P27: =P26+1 -> 190 | ... X27: =X26+1 -> 354
A28: APR | E28: =IF($C$1-$A$1>D28,C28,"") -> 0 | G28: 41302 | H28: 27 | I28: =I27+1 -> 41343 | J28: =J27+1 -> 68 | K28: =K27+1 -> 41384 | L28: =L27+1 -> 109 | M28: =M27+1 -> 41425 | N28: =N27+1 -> 150 | O28: =O27+1 -> 41466 | P28: =P27+1 -> 191 | ... X28: =X27+1 -> 355
A29: APR | E29: =IF($C$1-$A$1>D29,C29,"") -> 0 | G29: 41303 | H29: 28 | I29: =I28+1 -> 41344 | J29: =J28+1 -> 69 | K29: =K28+1 -> 41385 | L29: =L28+1 -> 110 | M29: =M28+1 -> 41426 | N29: =N28+1 -> 151 | O29: =O28+1 -> 41467 | P29: =P28+1 -> 192 | ... X29: =X28+1 -> 356
... A37: JUL | E37: =IF($C$1-$A$1>D37,C37,"") -> 0 | G37: 41311 | H37: 36 | I37: =I36+1 -> 41352 | J37: =J36+1 -> 77 | K37: =K36+1 -> 41393 | L37: =L36+1 -> 118 | M37: =M36+1 -> 41434 | N37: =N36+1 -> 159 | O37: =O36+1 -> 41475 | P37: =P36+1 -> 200 | ... X37: =X36+1 -> 364
A38: JUL | E38: =IF($C$1-$A$1>D38,C38,"") -> 0 | G38: 41312 | H38: 37 | I38: =I37+1 -> 41353 | J38: =J37+1 -> 78 | K38: =K37+1 -> 41394 | L38: =L37+1 -> 119 | M38: =M37+1 -> 41435 | N38: =N37+1 -> 160 | O38: =O37+1 -> 41476 | P38: =P37+1 -> 201 | ... V38: =V37+1 -> 324
A39: AUG | E39: =IF($C$1-$A$1>D39,C39,"") -> 0 | G39: 41313 | H39: 38 | I39: =I38+1 -> 41354 | J39: =J38+1 -> 79 | K39: =K38+1 -> 41395 | L39: =L38+1 -> 120 | M39: =M38+1 -> 41436 | N39: =N38+1 -> 161 | O39: =O38+1 -> 41477 | P39: =P38+1 -> 202 | ... V39: =V38+1 -> 325
A40: AUG | E40: =IF($C$1-$A$1>D40,C40,"") -> 0 | G40: 41314 | H40: 39 | I40: =I39+1 -> 41355 | J40: =J39+1 -> 80 | K40: =K39+1 -> 41396 | L40: =L39+1 -> 121 | M40: =M39+1 -> 41437 | N40: =N39+1 -> 162 | O40: =O39+1 -> 41478 | P40: =P39+1 -> 203 | ... V40: =V39+1 -> 326
A41: AUG | E41: =IF($C$1-$A$1>D41,C41,"") -> 0 | G41: 41315 | H41: 40 | I41: =I40+1 -> 41356 | J41: =J40+1 -> 81 | K41: =K40+1 -> 41397 | L41: =L40+1 -> 122 | M41: =M40+1 -> 41438 | N41: =N40+1 -> 163 | O41: =O40+1 -> 41479 | P41: =P40+1 -> 204 | ... V41: =V40+1 -> 327
A42: SEP | E42: =IF($C$1-$A$1>D42,C42,"") -> 0
A43: SEP | E43: =IF($C$1-$A$1>D43,C43,"") -> 0
A44: SEP | E44: =IF($C$1-$A$1>D44,C44,"") -> 0
A45: OCT | E45: =IF($C$1-$A$1>D45,C45,"") -> 0
A46: OCT | E46: =IF($C$1-$A$1>D46,C46,"") -> 0
A47: OCT | E47: =IF($C$1-$A$1>D47,C47,"") -> 0
A48: NOV | E48: =IF($C$1-$A$1>D48,C48,"") -> 0
A49: NOV | E49: =IF($C$1-$A$1>D49,C49,"") -> 0
A50: NOV | E50: =IF($C$1-$A$1>D50,C50,"") -> 0
A51: DEC | E51: =IF($C$1-$A$1>D51,C51,"") -> 0
A52: DEC | E52: =IF($C$1-$A$1>D52,C52,"") -> 0
A53: DEC | E53: =IF($C$1-$A$1>D53,C53,"") -> 0
